Workbook
Name Alloc_Weighting: #REF!
Name AllocatorList: #REF!
Name Allocators: #REF!
Name AllocFactor_Input: #REF!
Name AllocFactor_Input_CustClass: #REF!
Name AllocFactor_Input_FactorName: #REF!
Name AllocFactor_Input_TotalFac: #REF!
Name AllocFactor_Summary: #REF!
Name AllocFactor_Summary_CustClass: #REF!
Name AllocFactor_Summary_Desc: #REF!
Name AvgMillRate: #REF!
Name Billing_Unit_Alloc: #REF!
Name ClassAlloc_CustClass: #REF!
Name ClassAlloc_Opex: #REF!
Name ClassAlloc_Opex_Desc: #REF!
Name ClassAlloc_RateBase: #REF!
Name ClassAlloc_RateBase_Desc: #REF!
Name ClassAlloc_Rev: #REF!
Name ClassAlloc_Rev_Desc: #REF!
Name Company: #REF!
Name Desc_Opex: #REF!
Name Desc_RateBase: #REF!
Name Desc_Revenue: #REF!
Name Docket: #REF!
Name EnergyRounding: #REF!
Name FC_Alloc: #REF!
Name FC_Export: #REF!
Name FC_Export_col: #REF!
Name FC_Factor_Amts: #REF!
Name FC_Factor_Name: #REF!
Name FC_Rate_Schedule: #REF!
Name FC_Table_Desc: #REF!
Name FC_Weightings: #REF!
Name Func_Alloc: #REF!
Name HeadingTitle1: #REF!
Name HeadingTitle2: #REF!
Name JSS_import_desc: #REF!
Name JSS_import_total: #REF!
Name JSS_Line_Alloc: #REF!
Name JSS_row: #REF!
Name NetGrossFactor: #REF!
Name OpEx_RowNum: #REF!
Name OtherRev_RowNum: #REF!
Name OtherRounding: #REF!
Name RateBase_RowNum: #REF!
Name RequiredROR: #REF!
Name ResultsSummary: #REF!
Name ResultsSummary_CustClass: #REF!
Name ResultsSummary_Desc: #REF!
Name Rounding: #REF!
Name State: #REF!
Name Summary_AccumDefIT: #REF!
Name Summary_AcqAdj: #REF!
Name Summary_AmortExp: #REF!
Name Summary_AmortReserve: #REF!
Name Summary_CustAddvConst: #REF!
Name Summary_CWIP: #REF!
Name Summary_DefITC: #REF!
Name Summary_DefPrgrms: #REF!
Name Summary_DepExp: #REF!

Sheet I01+I06
C3: Idaho Power Company
C4: State of Idaho
C5: Calculation of Proposed Rates
C6: Filed May 30, 2025
C7: IPC-E-25-16
C9: Residential Service
C10: Schedule 1 and Schedule 6
C12: Column | D12: (A) | E12: (B) | F12: (C) | G12: (D) | H12: (E) | I12: (F)
E14: Test Year | F14: Current | G14: Test Year | H14: Proposed | I14: Proposed
C15: Line | E15: Billing | F15: Base | G15: Base | H15: Effective | I15: Effective
C16: No. | D16: Description | E16: Units | F16: Rate | G16: Revenue | H16: Rate | I16: Revenue
C17: -1 | D17: Service Charge | E17: =+SUM('I01'!E17,'I06'!E17) -> 6449658.4 | F17: 15 | G17: =+F17*$E17 -> 96744876 | H17: =+SUM(ROUNDDOWN(O29-F17,-1)/$O$30,F17) -> 25 | I17: =+H17*$E17 -> 161241460 | L17: =+_xlfn.CONCAT(C9,", ",C10) -> Residential Service, Schedule 1 and Schedule 6
C18: =+C17-1 -> -2 | D18: Minimum Charge | E18: =+SUM('I01'!E18,'I06'!E18) -> 54847.667 | F18: 3 | G18: =+F18*$E18 -> 164543 | H18: =F18 -> 3 | I18: =+H18*$E18 -> 164543 | L18: In Adjusted Base Revenue | O18: =+I31 -> 8.1102438e+08
C19: =+C18-1 -> -3 | D19: Summer Energy (Jun-Sep) | L19: Target Adjusted Base Revenue | O19: =G31*(1+O23) -> 8.1102442e+08
C20: =+C19-1 -> -4 | D20: First 800 kWh | E20: =+SUM('I01'!E20,'I06'!E20) -> 1.2647847e+09 | F20: 0.101779 | G20: =+F20*$E20 -> 1.2872853e+08 | H20: 0.125685 | I20: =+H20*$E20 -> 1.5896447e+08 | L20: D | O20: =+O18-O19 -> -34.534539
C21: =+C20-1 -> -5 | D21: 801-2,000 kWh | E21: =+SUM('I01'!E21,'I06'!E21) -> 5.4322245e+08 | F21: 0.12238 | G21: =+F21*$E21 -> 66479563 | H21: 0.13792 | I21: =+H21*$E21 -> 74921240
C22: =+C21-1 -> -6 | D22: All Additional kWh | E22: =+SUM('I01'!E22,'I06'!E22) -> 95968279 | F22: 0.145385 | G22: =+F22*$E22 -> 13952348 | H22: 0.15158 | I22: =+H22*$E22 -> 14546872 | L22: Adjusted Base Revenue Change | O22: =+O18/$G$31-1 -> 0.1701903
C23: =+C22-1 -> -7 | D23: Subtotal - Summer Energy | E23: =+SUM(E20:E22) -> 1.9039755e+09 | F23: =+G23/$E23 -> 0.10985459 | G23: =+SUM(G20:G22) -> 2.0916044e+08 | H23: =(O19-I17-I18)/(SUM(E20:E22)+(SUM(E25:E27))/O26) -> 0.13048143 | I23: =+SUM(I20:I22) -> 2.4843258e+08 | L23: Target Adjusted Base Revenue | O23: 0.17019035
C24: =+C23-1 -> -8 | D24: Non-Summer Energy (Oct-May) | L24: Season Cost Ratio (Unit Cost Sheet) | O24: 1.3903844
C25: =+C24-1 -> -9 | D25: First 800 kWh | E25: =+SUM('I01'!E25,'I06'!E25) -> 2.5506843e+09 | F25: 0.089569 | G25: =+F25*$E25 -> 2.2846224e+08 | H25: 0.099581 | I25: =+H25*$E25 -> 2.539997e+08 | L25: Season Energy Rate Differential - Current | O25: =+F23/F28 -> 1.1715413
C26: =+C25-1 -> -10 | D26: 801-2,000 kWh | E26: =+SUM('I01'!E26,'I06'!E26) -> 1.0295976e+09 | F26: 0.09875 | G26: =+F26*$E26 -> 1.0167276e+08 | H26: 0.104567 | I26: =+H26*$E26 -> 1.0766193e+08 | L26: Season Energy Rate Differential - Proposed | O26: =+AVERAGE(O24:O25) -> 1.2809628
C27: =+C26-1 -> -11 | D27: All Additional kWh | E27: =+SUM('I01'!E27,'I06'!E27) -> 3.5823269e+08 | F27: 0.109361 | G27: =+F27*$E27 -> 39176686 | H27: 0.110331 | I27: =+H27*$E27 -> 39524171 | L27: Residential - Distribution + Customer | O27: 2.6713769e+08
C28: =+C27-1 -> -12 | D28: Subtotal - Non-Summer Energy | E28: =+SUM(E25:E27) -> 3.9385146e+09 | F28: =+G28/$E28 -> 0.093769283 | G28: =+SUM(G25:G27) -> 3.6931169e+08 | H28: =+H23/O26 -> 0.101862 | I28: =+SUM(I25:I27) -> 4.011858e+08 | L28: Residential - Meter Readings | O28: 6235774.9
C29: =+C28-1 -> -13 | D29: Subtotal - Total Energy | E29: =+SUM(E28,E23) -> 5.8424901e+09 | G29: =+SUM(G28,G23) -> 5.7847213e+08 | I29: =+SUM(I28,I23) -> 6.4961838e+08 | L29: Residential CCOS - Service Charge | O29: =+O27/O28 -> 42.839535
C30: =+C29-1 -> -14 | D30: Transfer Adjustment Revenue | G30: =+SUM('I01'!G30,'I06'!G30) -> 17688957 | L30: Step | O30: 2
C31: =+C30-1 -> -15 | D31: Total Adjusted Base Revenue | G31: =+SUM(G17:G18,G23,G28,G30) -> 6.9307051e+08 | I31: =+SUM(I29,I17:I18) -> 8.1102438e+08
L32: Check vs. Revenue Forecast | O32: 0
C33: § END | D33: § | E33: § | F33: § | G33: § | H33: § | I33: END §
L34: Energy Tier Ratio | N34: Current | O34: Proposed
L35: Summer Tier 1 | N35: =+F20/$F$23 -> 0.9264884 | O35: =+SUM(N35,(1-N35)/$O$30) -> 0.9632442
L36: Summer Tier 2 | N36: =+F21/$F$23 -> 1.1140181 | O36: =+SUM(N36,(1-N36)/$O$30) -> 1.0570091
L37: Summer Tier 3 | N37: =+F22/$F$23 -> 1.3234313 | O37: =+SUM(N37,(1-N37)/$O$30) -> 1.1617157
L38: Non-Summer Tier 1 | N38: =+F25/$F$28 -> 0.95520619 | O38: =+SUM(N38,(1-N38)/$O$30) -> 0.9776031
L39: Non-Summer Tier 2 | N39: =+F26/$F$28 -> 1.0531167 | O39: =+SUM(N39,(1-N39)/$O$30) -> 1.0265584
L40: Non-Summer Tier 3 | N40: =+F27/$F$28 -> 1.1662774 | O40: =+SUM(N40,(1-N40)/$O$30) -> 1.0831387
L42: Rounding Adjustment | O42: -2e-06

Sheet I01
C3: Idaho Power Company
C4: State of Idaho
C5: Calculation of Proposed Rates
C6: Filed May 30, 2025
C7: IPC-E-25-16
C9: Residential Service Standard Plan
C10: Schedule 1
C12: Column | D12: (A) | E12: (B) | F12: (C) | G12: (D) | H12: (E) | I12: (F)
E14: Test Year | F14: Current | G14: Test Year | H14: Proposed | I14: Proposed
C15: Line | E15: Billing | F15: Base | G15: Base | H15: Effective | I15: Effective
C16: No. | D16: Description | E16: Units | F16: Rate | G16: Revenue | H16: Rate | I16: Revenue
C17: -1 | D17: Service Charge | E17: 6223666.2 | F17: 15 | G17: =+F17*$E17 -> 93354993 | H17: ='I01+I06'!H17 -> 25 | I17: =+H17*$E17 -> 155591655 | L17: =+_xlfn.CONCAT(C9,", ",C10) -> Residential Service Standard Plan, Schedule 1
C18: =+C17-1 -> -2 | D18: Minimum Charge | E18: 54175.667 | F18: 3 | G18: =+F18*$E18 -> 162527 | H18: ='I01+I06'!H18 -> 3 | I18: =+H18*$E18 -> 162527 | L18: In Adjusted Base Revenue | O18: =+I31 -> 7.8477767e+08
C19: =+C18-1 -> -3 | D19: Summer Energy (Jun-Sep) | L19: Target Adjusted Base Revenue | O19: =+G31*(1+O23) -> 7.8489008e+08
C20: =+C19-1 -> -4 | D20: First 800 kWh | E20: 1.2242544e+09 | F20: 0.101779 | G20: =+F20*$E20 -> 1.2460339e+08 | H20: ='I01+I06'!H20 -> 0.125685 | I20: =+H20*$E20 -> 1.5387041e+08 | L20: D | O20: =+O18-O19 -> -112411.58
C21: =+C20-1 -> -5 | D21: 801-2,000 kWh | E21: 5.3210495e+08 | F21: 0.12238 | G21: =+F21*$E21 -> 65119004 | H21: ='I01+I06'!H21 -> 0.13792 | I21: =+H21*$E21 -> 73387915
C22: =+C21-1 -> -6 | D22: All Additional kWh | E22: 93673900 | F22: 0.145385 | G22: =+F22*$E22 -> 13618780 | H22: ='I01+I06'!H22 -> 0.15158 | I22: =+H22*$E22 -> 14199090 | L22: Adjusted Base Revenue Change | O22: =+O18/G31-1 -> 0.17002276
C23: =+C22-1 -> -7 | D23: Subtotal - Summer Energy | E23: =+SUM(E20:E22) -> 1.8500332e+09 | F23: =+G23/$E23 -> 0.10991217 | G23: =+SUM(G20:G22) -> 2.0334117e+08 | H23: =+I23/$E23 -> 0.13051518 | I23: =+SUM(I20:I22) -> 2.4145742e+08 | L23: Target Adjusted Base Revenue | O23: ='I01+I06'!$O$23 -> 0.17019035
C24: =+C23-1 -> -8 | D24: Non-Summer Energy (Oct-May) | L24: Season Cost Ratio (Unit Cost Sheet) | O24: 1.3903844
C25: =+C24-1 -> -9 | D25: First 800 kWh | E25: 2.4645685e+09 | F25: 0.089569 | G25: =+F25*$E25 -> 2.2074894e+08 | H25: ='I01+I06'!H25 -> 0.099581 | I25: =+H25*$E25 -> 2.454242e+08 | L25: Season Energy Rate Differential - Current | O25: =+F23/F28 -> 1.1722672
C26: =+C25-1 -> -10 | D26: 801-2,000 kWh | E26: 9.9722831e+08 | F26: 0.09875 | G26: =+F26*$E26 -> 98476295 | H26: ='I01+I06'!H26 -> 0.104567 | I26: =+H26*$E26 -> 1.0427717e+08 | L26: Season Energy Rate Differential - Proposed | O26: =+H23/H28 -> 1.2813526
C27: =+C26-1 -> -11 | D27: All Additional kWh | E27: 3.4319185e+08 | F27: 0.109361 | G27: =+F27*$E27 -> 37531804 | H27: ='I01+I06'!H27 -> 0.110331 | I27: =+H27*$E27 -> 37864700
C28: =+C27-1 -> -12 | D28: Subtotal - Non-Summer Energy | E28: =+SUM(E25:E27) -> 3.8049887e+09 | F28: =+G28/$E28 -> 0.093760341 | G28: =+SUM(G25:G27) -> 3.5675704e+08 | H28: =+I28/$E28 -> 0.10185735 | I28: =+SUM(I25:I27) -> 3.8756607e+08
C29: =+C28-1 -> -13 | D29: Subtotal - Total Energy | E29: =+SUM(E28,E23) -> 5.6550219e+09 | G29: =+SUM(G28,G23) -> 5.6009821e+08 | I29: =+SUM(I28,I23) -> 6.2902349e+08
C30: =+C29-1 -> -14 | D30: Transfer Adjustment Revenue | G30: 17121371
C31: =+C30-1 -> -15 | D31: Total Adjusted Base Revenue | G31: =+SUM(G17:G18,G23,G28,G30) -> 6.707371e+08 | I31: =+SUM(I29,I17:I18) -> 7.8477767e+08 | L31: Check vs. Revenue Forecast | O31: 0
C33: § END | D33: § | E33: § | F33: § | G33: § | H33: § | I33: END §
I38: .

Sheet I06
C3: Idaho Power Company
C4: State of Idaho
C5: Calculation of Proposed Rates
C6: Filed May 30, 2025
C7: IPC-E-25-16
C9: Residential Service On-Site Generation
C10: Schedule 6
C12: Column | D12: (A) | E12: (B) | F12: (C) | G12: (D) | H12: (E) | I12: (F)
E14: Test Year | F14: Current | G14: Test Year | H14: Proposed | I14: Proposed
C15: Line | E15: Billing | F15: Base | G15: Base | H15: Effective | I15: Effective
C16: No. | D16: Description | E16: Units | F16: Rate | G16: Revenue | H16: Rate | I16: Revenue
C17: -1 | D17: Service Charge | E17: 225992.2 | F17: 15 | G17: =+F17*$E17 -> 3389883 | H17: ='I01+I06'!H17 -> 25 | I17: =+H17*$E17 -> 5649805 | L17: =+_xlfn.CONCAT(C9,", ",C10) -> Residential Service On-Site Generation, Schedule 6
C18: =+C17-1 -> -2 | D18: Minimum Charge | E18: 672 | F18: 3 | G18: =+F18*$E18 -> 2016 | H18: ='I01+I06'!H18 -> 3 | I18: =+H18*$E18 -> 2016 | L18: In Adjusted Base Revenue | O18: =+I31 -> 26246710
C19: =+C18-1 -> -3 | D19: Summer Energy (Jun-Sep) | L19: Target Adjusted Base Revenue | O19: =+G31*(1+O23) -> 26134333
C20: =+C19-1 -> -4 | D20: First 800 kWh | E20: 40530339 | F20: 0.101779 | G20: =+F20*$E20 -> 4125137.4 | H20: ='I01+I06'!H20 -> 0.125685 | I20: =+H20*$E20 -> 5094055.7 | L20: D | O20: =+O18-O19 -> 112377.05
C21: =+C20-1 -> -5 | D21: 801-2,000 kWh | E21: 11117494 | F21: 0.12238 | G21: =+F21*$E21 -> 1360558.9 | H21: ='I01+I06'!H21 -> 0.13792 | I21: =+H21*$E21 -> 1533324.8
C22: =+C21-1 -> -6 | D22: All Additional kWh | E22: 2294378.7 | F22: 0.145385 | G22: =+F22*$E22 -> 333568.25 | H22: ='I01+I06'!H22 -> 0.15158 | I22: =+H22*$E22 -> 347781.92 | L22: Adjusted Base Revenue Change | O22: =+O18/G31-1 -> 0.17522214
C23: =+C22-1 -> -7 | D23: Subtotal - Summer Energy | E23: =+SUM(E20:E22) -> 53942212 | F23: =+G23/E23 -> 0.10787961 | G23: =+SUM(G20:G22) -> 5819264.6 | H23: =+I23/$E23 -> 0.12930805 | I23: =+SUM(I20:I22) -> 6975162.4 | L23: Target Adjusted Base Revenue | O23: ='I01+I06'!$O$23 -> 0.17019035
C24: =+C23-1 -> -8 | D24: Non-Summer Energy (Oct-May) | L24: Season Cost Ratio (Unit Cost Sheet) | O24: 1.4855344
C25: =+C24-1 -> -9 | D25: First 800 kWh | E25: 86115783 | F25: 0.089569 | G25: =+F25*$E25 -> 7713304.5 | H25: ='I01+I06'!H25 -> 0.099581 | I25: =+H25*$E25 -> 8575495.7 | L25: Season Energy Rate Differential - Current | O25: =+F23/F28 -> 1.1473613
C26: =+C25-1 -> -10 | D26: 801-2,000 kWh | E26: 32369289 | F26: 0.09875 | G26: =+F26*$E26 -> 3196467.3 | H26: ='I01+I06'!H26 -> 0.104567 | I26: =+H26*$E26 -> 3384759.4 | L26: Season Energy Rate Differential - Proposed | O26: =+H23/H28 -> 1.2677183
C27: =+C26-1 -> -11 | D27: All Additional kWh | E27: 15040846 | F27: 0.109361 | G27: =+F27*$E27 -> 1644882 | H27: ='I01+I06'!H27 -> 0.110331 | I27: =+H27*$E27 -> 1659471.6
C28: =+C27-1 -> -12 | D28: Subtotal - Non-Summer Energy | E28: =+SUM(E25:E27) -> 1.3352592e+08 | F28: =+G28/E28 -> 0.094024097 | G28: =+SUM(G25:G27) -> 12554654 | H28: =+I28/$E28 -> 0.10200062 | I28: =+SUM(I25:I27) -> 13619727
C29: =+C28-1 -> -13 | D29: Subtotal - Total Energy | E29: =+SUM(E28,E23) -> 1.8746813e+08 | G29: =+SUM(G28,G23) -> 18373918 | I29: =+SUM(I28,I23) -> 20594889
C30: =+C29-1 -> -14 | D30: Transfer Adjustment Revenue | G30: 567586.02
C31: =+C30-1 -> -15 | D31: Total Adjusted Base Revenue | G31: =+SUM(G17:G18,G23,G28,G30) -> 22333403 | I31: =+SUM(I29,I17:I18) -> 26246710 | L31: Check vs. Revenue Forecast | O31: 0
C33: § END | D33: § | E33: § | F33: § | G33: § | H33: § | I33: END §

Sheet I03
C3: Idaho Power Company
C4: State of Idaho
C5: Calculation of Proposed Rates
C6: Filed May 30, 2025
C7: IPC-E-25-16
C9: Master-Metered Mobile Home Park Residential Service
C10: Schedule 3
C12: Column | D12: (A) | E12: (B) | F12: (C) | G12: (D) | H12: (E) | I12: (F)
E14: Test Year | F14: Current | G14: Test Year | H14: Proposed | I14: Proposed
C15: Line | E15: Billing | F15: Base | G15: Base | H15: Effective | I15: Effective
C16: No. | D16: Description | E16: Units | F16: Rate | G16: Revenue | H16: Rate | I16: Revenue
C17: -1 | D17: Service Charge | E17: 227.089 | F17: 15 | G17: =+F17*$E17 -> 3406.335 | H17: ='I01+I06'!$H$17 -> 25 | I17: =+H17*$E17 -> 5677.225 | L17: =+_xlfn.CONCAT(C9,", ",C10) -> Master-Metered Mobile Home Park Residential Service, Schedule 3
C18: =+C17-1 -> -2 | D18: Total Energy | E18: 5073613.2 | F18: 0.109482 | G18: =+F18*$E18 -> 555469.32 | H18: 0.131324 | I18: =+H18*$E18 -> 666287.17 | L18: In Adjusted Base Revenue | O18: =+I20 -> 671964.4
C19: =+C18-1 -> -3 | D19: Transfer Adjustment Revenue | G19: 15361.075 | L19: Target Adjusted Base Revenue | O19: =+G20*(1+O23) -> 671966.27
C20: =+C19-1 -> -4 | D20: Total Adjusted Base Revenue | G20: =+SUM(G17:G19) -> 574236.73 | I20: =+SUM(I17:I19) -> 671964.4 | L20: D | O20: =+O18-O19 -> -1.8752983
C22: § END | D22: § | E22: § | F22: § | G22: § | H22: § | I22: END § | L22: Adjusted Base Revenue Change | O22: =+O18/$G$20-1 -> 0.17018708
L23: Target Adjusted Base Revenue | O23: 0.17019035
L25: Check vs. Revenue Forecast | O25: 0
L27: Rounding Adjustment | O27: 0

Sheet I05+IO6 TOU
C3: Idaho Power Company
C4: State of Idaho
C5: Calculation of Proposed Rates
C6: Filed May 30, 2025
C7: IPC-E-25-16
C9: Residential Service - Time-of-Use
C10: Schedule 5 + 6 TOU
C12: Column | D12: (A) | E12: (B) | F12: (C) | G12: (D) | H12: (E) | I12: (F)
E14: Test Year | F14: Current | G14: Test Year | H14: Proposed | I14: Proposed
C15: Line | E15: Billing | F15: Base | G15: Base | H15: Effective | I15: Effective
C16: No. | D16: Description | E16: Units | F16: Rate | G16: Revenue | H16: Rate | I16: Revenue
C17: -1 | D17: Service Charge | E17: ='I05'!E17+'I06 TOU'!E17 -> 12227.585 | F17: 15 | G17: =+F17*$E17 -> 183413.77 | H17: ='I01+I06'!$H$17 -> 25 | I17: =+H17*$E17 -> 305689.61 | L17: =+_xlfn.CONCAT(C9,", ",C10) -> Residential Service - Time-of-Use, Schedule 5 + 6 TOU
C18: =+C17-1 -> -2 | D18: Minimum Charge | E18: ='I05'!E18+'I06 TOU'!E18 -> 14 | F18: 3 | G18: =+F18*$E18 -> 42 | H18: =F18 -> 3 | I18: =+H18*$E18 -> 42 | L18: In Adjusted Base Revenue | O18: =+I30 -> 2459609.9
C19: =+C18-1 -> -3 | D19: Summer Energy (Jun-Sep) | L19: Target Adjusted Base Revenue | O19: =+G30*(1+O23) -> 2459614.3
C20: =+C19-1 -> -4 | D20: On-Peak | E20: ='I05'!E20+'I06 TOU'!E20 -> 1031678.9 | F20: 0.252957 | G20: =+F20*$E20 -> 260970.39 | H20: 0.322968 | I20: =+H20*$E20 -> 333199.25 | L20: D | O20: =+O18-O19 -> -4.4211238
C21: =+C20-1 -> -5 | D21: Mid-Peak | E21: ='I05'!E21+'I06 TOU'!E21 -> 1078494.3 | F21: 0.12648 | G21: =+F21*$E21 -> 136407.96 | H21: 0.161484 | I21: =+H21*$E21 -> 174159.58
C22: =+C21-1 -> -6 | D22: Off-Peak | E22: ='I05'!E22+'I06 TOU'!E22 -> 3821764.5 | F22: 0.063241 | G22: =+F22*$E22 -> 241692.21 | H22: 0.080742 | I22: =+H22*$E22 -> 308576.91 | L22: Adjusted Base Revenue Change | O22: =+O18/$G$30-1 -> 0.17018825
C23: =+C22-1 -> -7 | D23: Subtotal - Summer Energy | E23: =+SUM(E20:E22) -> 5931937.7 | F23: =+G23/$E23 -> 0.10773386 | G23: =+SUM(G20:G22) -> 639070.56 | H23: =(O19-I17-I18)/(SUM(E20:E22)+(SUM(E25:E26))/O26) -> 0.13754955 | I23: =+SUM(I20:I22) -> 815935.74 | L23: Target Adjusted Base Revenue | O23: 0.17019035
C24: =+C23-1 -> -8 | D24: Non-Summer Energy (Oct-May) | L24: Season Cost Ratio (Unit Cost Sheet) | O24: 1.3903844
C25: =+C24-1 -> -9 | D25: On-Peak | E25: ='I05'!E25+'I06 TOU'!E25 -> 3071371.4 | F25: 0.13115 | G25: =+F25*$E25 -> 402810.36 | H25: 0.143396 | I25: =+H25*$E25 -> 440422.37 | L25: Season Energy Rate Differential - Current | O25: =+F23/F27 -> 1.0969832
C26: =+C25-1 -> -10 | D26: Off-Peak | E26: ='I05'!E26+'I06 TOU'!E26 -> 9388580.4 | F26: 0.087433 | G26: =+F26*$E26 -> 820871.75 | H26: 0.095597 | I26: =+H26*$E26 -> 897520.12 | L26: Season Energy Rate Differential - Proposed | O26: ='I01+I06'!$O$26 -> 1.2809628
C27: =+C26-1 -> -11 | D27: Subtotal - Non-Summer Energy | E27: =+SUM(E25:E26) -> 12459952 | F27: =+G27/$E27 -> 0.098209217 | G27: =+SUM(G25:G26) -> 1223682.1 | H27: =+H23/O26 -> 0.10737981 | I27: =+SUM(I25:I26) -> 1337942.5
C28: =+C27-1 -> -12 | D28: Subtotal - Total Energy | E28: =+SUM(E27,E23) -> 18391889 | G28: =+SUM(G27,G23) -> 1862752.7 | I28: =+SUM(I27,I23) -> 2153878.2 | L28: On:Off Differential - Summer (Current) | O28: =+F20/$F$22 -> 3.9998893
C29: =+C28-1 -> -13 | D29: Transfer Adjustment Revenue | G29: ='I05'!G29+'I06 TOU'!G29 -> 55684.022 | L29: Mid:Off Differential - Summer (Current) | O29: =+F21/$F$22 -> 1.9999684
C30: =+C29-1 -> -14 | D30: Total Adjusted Base Revenue | G30: =+SUM(G17:G18,G23,G27,G29) -> 2101892.5 | I30: =+SUM(I28,I17:I18) -> 2459609.9 | L30: On:Off Differential - Non-Summer (Current) | O30: =+F25/$F$26 -> 1.5000057
L31: On:Off Differential - Summer (Proposed) | O31: 4
C32: § END | D32: § | E32: § | F32: § | G32: § | H32: § | I32: END § | L32: Mid:Off Differential - Summer (Proposed) | O32: 2
L33: On:Off Differential - Non-Summer (Proposed) | O33: 1.5
L35: Check vs. Revenue Forecast | O35: 0
L37: Rounding Adjustment | O37: 0

Sheet I05
C3: Idaho Power Company
C4: State of Idaho
C5: Calculation of Proposed Rates
C6: Filed May 30, 2025
C7: IPC-E-25-16
C9: Residential Service - Time-of-Use Plan
C10: Schedule 5
C12: Column | D12: (A) | E12: (B) | F12: (C) | G12: (D) | H12: (E) | I12: (F)
E14: Test Year | F14: Current | G14: Test Year | H14: Proposed | I14: Proposed
C15: Line | E15: Billing | F15: Base | G15: Base | H15: Effective | I15: Effective
C16: No. | D16: Description | E16: Units | F16: Rate | G16: Revenue | H16: Rate | I16: Revenue
C17: -1 | D17: Service Charge | E17: 11881.6 | F17: 15 | G17: =+F17*$E17 -> 178224 | H17: ='I05+IO6 TOU'!H17 -> 25 | I17: =+H17*$E17 -> 297040 | L17: =+_xlfn.CONCAT(C9,", ",C10) -> Residential Service - Time-of-Use Plan, Schedule 5
C18: =+C17-1 -> -2 | D18: Minimum Charge | E18: 11 | F18: 3 | G18: =+F18*$E18 -> 33 | H18: =F18 -> 3 | I18: =+H18*$E18 -> 33 | L18: In Adjusted Base Revenue | O18: =+I30 -> 2410787.6
C19: =+C18-1 -> -3 | D19: Summer Energy (Jun-Sep) | L19: Target Adjusted Base Revenue | O19: =+G30*(1+O23) -> 2411037.1
C20: =+C19-1 -> -4 | D20: On-Peak | E20: 1017778.9 | F20: 0.252957 | G20: =+F20*$E20 -> 257454.3 | H20: ='I05+IO6 TOU'!H20 -> 0.322968 | I20: =+H20*$E20 -> 328710.02 | L20: D | O20: =+O18-O19 -> -249.49307
C21: =+C20-1 -> -5 | D21: Mid-Peak | E21: 1073980.4 | F21: 0.12648 | G21: =+F21*$E21 -> 135837.04 | H21: ='I05+IO6 TOU'!H21 -> 0.161484 | I21: =+H21*$E21 -> 173430.65
C22: =+C21-1 -> -6 | D22: Off-Peak | E22: 3741491.9 | F22: 0.063241 | G22: =+F22*$E22 -> 236615.69 | H22: ='I05+IO6 TOU'!H22 -> 0.080742 | I22: =+H22*$E22 -> 302095.54 | L22: Adjusted Base Revenue Change | O22: =+O18/$G$30-1 -> 0.17006926
C23: =+C22-1 -> -7 | D23: Subtotal - Summer Energy | E23: =+SUM(E20:E22) -> 5833251.2 | F23: =+G23/$E23 -> 0.10798558 | G23: =+SUM(G20:G22) -> 629907.03 | H23: =I23/E23 -> 0.13787101 | I23: =+SUM(I20:I22) -> 804236.21 | L23: Target Adjusted Base Revenue | O23: 0.17019035
C24: =+C23-1 -> -8 | D24: Non-Summer Energy (Oct-May) | L24: Season Cost Ratio (Unit Cost Sheet) | O24: 1.3903844
C25: =+C24-1 -> -9 | D25: On-Peak | E25: 3016126.6 | F25: 0.13115 | G25: =+F25*$E25 -> 395565 | H25: ='I05+IO6 TOU'!H25 -> 0.143396 | I25: =+H25*$E25 -> 432500.49 | L25: Season Energy Rate Differential - Current | O25: =+F23/F27 -> 1.0990911
C26: =+C25-1 -> -10 | D26: Off-Peak | E26: 9173696.8 | F26: 0.087433 | G26: =+F26*$E26 -> 802083.83 | H26: ='I05+IO6 TOU'!H26 -> 0.095597 | I26: =+H26*$E26 -> 876977.89 | L26: Season Energy Rate Differential - Proposed | O26: =+H23/H27 -> 1.2834295
C27: =+C26-1 -> -11 | D27: Subtotal - Non-Summer Energy | E27: =+SUM(E25:E26) -> 12189823 | F27: =+G27/$E27 -> 0.098249892 | G27: =+SUM(G25:G26) -> 1197648.8 | H27: =I27/E27 -> 0.1074239 | I27: =+SUM(I25:I26) -> 1309478.4
C28: =+C27-1 -> -12 | D28: Subtotal - Total Energy | E28: =+SUM(E27,E23) -> 18023075 | G28: =+SUM(G27,G23) -> 1827555.9 | I28: =+SUM(I27,I23) -> 2113714.6 | L28: On:Off Differential - Summer (Current) | O28: =+F20/$F$22 -> 3.9998893
C29: =+C28-1 -> -13 | D29: Transfer Adjustment Revenue | G29: 54567.383 | L29: Mid:Off Differential - Summer (Current) | O29: =+F21/$F$22 -> 1.9999684
C30: =+C29-1 -> -14 | D30: Total Adjusted Base Revenue | G30: =+SUM(G17:G18,G23,G27,G29) -> 2060380.2 | I30: =+SUM(I28,I17:I18) -> 2410787.6 | L30: On:Off Differential - Non-Summer (Current) | O30: =+F25/$F$26 -> 1.5000057
L31: On:Off Differential - Summer (Proposed) | O31: =+H20/H22 -> 4
C32: § END | D32: § | E32: § | F32: § | G32: § | H32: § | I32: END § | L32: Mid:Off Differential - Summer (Proposed) | O32: =+H21/H22 -> 2
L33: On:Off Differential - Non-Summer (Proposed) | O33: =+H25/H26 -> 1.5000052
L35: Check vs. Revenue Forecast | O35: 0

Sheet I06 TOU
C3: Idaho Power Company
C4: State of Idaho
C5: Calculation of Proposed Rates
C6: Filed May 30, 2025
C7: IPC-E-25-16
C9: Residential Service - Time-of-Use
C10: Schedule 6 TOU
C12: Column | D12: (A) | E12: (B) | F12: (C) | G12: (D) | H12: (E) | I12: (F)
E14: Test Year | F14: Current | G14: Test Year | H14: Proposed | I14: Proposed
C15: Line | E15: Billing | F15: Base | G15: Base | H15: Effective | I15: Effective
C16: No. | D16: Description | E16: Units | F16: Rate | G16: Revenue | H16: Rate | I16: Revenue
C17: -1 | D17: Service Charge | E17: 345.9846 | F17: 15 | G17: =+F17*$E17 -> 5189.769 | H17: ='I05+IO6 TOU'!H17 -> 25 | I17: =+H17*$E17 -> 8649.615 | L17: =+_xlfn.CONCAT(C9,", ",C10) -> Residential Service - Time-of-Use, Schedule 6 TOU
C18: =+C17-1 -> -2 | D18: Minimum Charge | E18: 3 | F18: 3 | G18: =+F18*$E18 -> 9 | H18: =F18 -> 3 | I18: =+H18*$E18 -> 9 | L18: In Adjusted Base Revenue | O18: =+I30 -> 48822.262
C19: =+C18-1 -> -3 | D19: Summer Energy (Jun-Sep) | L19: Target Adjusted Base Revenue | O19: =+G30*(1+O23) -> 48577.19
C20: =+C19-1 -> -4 | D20: On-Peak | E20: 13899.928 | F20: 0.252957 | G20: =+F20*$E20 -> 3516.0841 | H20: ='I05+IO6 TOU'!H20 -> 0.322968 | I20: =+H20*$E20 -> 4489.232 | L20: D | O20: =+O18-O19 -> 245.07194
C21: =+C20-1 -> -5 | D21: Mid-Peak | E21: 4513.9563 | F21: 0.12648 | G21: =+F21*$E21 -> 570.92519 | H21: ='I05+IO6 TOU'!H21 -> 0.161484 | I21: =+H21*$E21 -> 728.93172
C22: =+C21-1 -> -6 | D22: Off-Peak | E22: 80272.588 | F22: 0.063241 | G22: =+F22*$E22 -> 5076.5188 | H22: ='I05+IO6 TOU'!H22 -> 0.080742 | I22: =+H22*$E22 -> 6481.3693 | L22: Adjusted Base Revenue Change | O22: =+O18/$G$30-1 -> 0.17609396
C23: =+C22-1 -> -7 | D23: Subtotal - Summer Energy | E23: =+SUM(E20:E22) -> 98686.473 | F23: =+G23/$E23 -> 0.092854956 | G23: =+SUM(G20:G22) -> 9163.5281 | H23: =I23/E23 -> 0.11855255 | I23: =+SUM(I20:I22) -> 11699.533 | L23: Target Adjusted Base Revenue | O23: ='I01+I06'!$O$23 -> 0.17019035
C24: =+C23-1 -> -8 | D24: Non-Summer Energy (Oct-May) | L24: Season Cost Ratio (Unit Cost Sheet) | O24: ='I01'!$O$24 -> 1.3903844
C25: =+C24-1 -> -9 | D25: On-Peak | E25: 55244.812 | F25: 0.13115 | G25: =+F25*$E25 -> 7245.3571 | H25: ='I05+IO6 TOU'!H25 -> 0.143396 | I25: =+H25*$E25 -> 7921.885 | L25: Season Energy Rate Differential - Current | O25: =+F23/F27 -> 0.96348854
C26: =+C25-1 -> -10 | D26: Off-Peak | E26: 214883.61 | F26: 0.087433 | G26: =+F26*$E26 -> 18787.919 | H26: ='I05+IO6 TOU'!H26 -> 0.095597 | I26: =+H26*$E26 -> 20542.229 | L26: Season Energy Rate Differential - Proposed | O26: =+AVERAGE(O24:O25) -> 1.1769365
C27: =+C26-1 -> -11 | D27: Subtotal - Non-Summer Energy | E27: =+SUM(E25:E26) -> 270128.43 | F27: =+G27/$E27 -> 0.096373701 | G27: =+SUM(G25:G26) -> 26033.276 | H27: =I27/E27 -> 0.10537252 | I27: =+SUM(I25:I26) -> 28464.114
C28: =+C27-1 -> -12 | D28: Subtotal - Total Energy | E28: =+SUM(E27,E23) -> 368814.9 | G28: =+SUM(G27,G23) -> 35196.804 | I28: =+SUM(I27,I23) -> 40163.647 | L28: On:Off Differential - Summer (Current) | O28: =+F20/$F$22 -> 3.9998893
C29: =+C28-1 -> -13 | D29: Transfer Adjustment Revenue | G29: 1116.6389 | L29: Mid:Off Differential - Summer (Current) | O29: =+F21/$F$22 -> 1.9999684
C30: =+C29-1 -> -14 | D30: Total Adjusted Base Revenue | G30: =+SUM(G17:G18,G23,G27,G29) -> 41512.212 | I30: =+SUM(I28,I17:I18) -> 48822.262 | L30: On:Off Differential - Non-Summer (Current) | O30: =+F25/$F$26 -> 1.5000057
L31: On:Off Differential - Summer (Proposed) | O31: =+H20/H22 -> 4
C32: § END | D32: § | E32: § | F32: § | G32: § | H32: § | I32: END § | L32: Mid:Off Differential - Summer (Proposed) | O32: =+H21/H22 -> 2
L33: On:Off Differential - Non-Summer (Proposed) | O33: =+H25/H26 -> 1.5000052
L35: Check vs. Revenue Forecast | O35: 0
N46: .

Sheet I07+I08
C3: Idaho Power Company
C4: State of Idaho
C5: Calculation of Proposed Rates
C6: Filed May 30, 2025
C7: IPC-E-25-16
C9: Small General Service
C10: Schedule 7 and Schedule 8
C12: Column | D12: (A) | E12: (B) | F12: (C) | G12: (D) | H12: (E) | I12: (F)
E14: Test Year | F14: Current | G14: Test Year | H14: Proposed | I14: Proposed
C15: Line | E15: Billing | F15: Base | G15: Base | H15: Effective | I15: Effective
C16: No. | D16: Description | E16: Units | F16: Rate | G16: Revenue | H16: Rate | I16: Revenue
C17: -1 | D17: Service Charge | E17: =+SUM('I07'!E17,'I08'!E17) -> 361405.9 | F17: 25 | G17: =+F17*$E17 -> 9035147.5 | H17: =+ROUNDDOWN(O29,-1) -> 30 | I17: =+H17*$E17 -> 10842177 | L17: =+_xlfn.CONCAT(C9,", ",C10) -> Small General Service, Schedule 7 and Schedule 8
C18: =+C17-1 -> -2 | D18: Minimum Charge | E18: =+SUM('I07'!E18,'I08'!E18) -> 293.66667 | F18: 3 | G18: =+F18*$E18 -> 881 | H18: =F18 -> 3 | I18: =+H18*$E18 -> 881 | L18: In Adjusted Base Revenue | O18: =+I29 -> 23641507
C19: =+C18-1 -> -3 | D19: Summer Energy (Jun-Sep) | L19: Target Adjusted Base Revenue | O19: =+G29*(1+O23) -> 23641536
C20: =+C19-1 -> -4 | D20: First 300 kWh | E20: =+SUM('I07'!E20,'I08'!E20) -> 21553455 | F20: 0.074534 | G20: =+F20*$E20 -> 1606465.2 | H20: 0.088802 | I20: =+H20*$E20 -> 1913989.9 | L20: D | O20: =+O18-O19 -> -28.489327
C21: =+C20-1 -> -5 | D21: All Additional kWh | E21: =+SUM('I07'!E21,'I08'!E21) -> 25566818 | F21: 0.085176 | G21: =+F21*$E21 -> 2177679.3 | H21: 0.101485 | I21: =+H21*$E21 -> 2594648.5
C22: =+C21-1 -> -6 | D22: Subtotal - Summer Energy | E22: =+SUM(E20:E21) -> 47120273 | F22: =+G22/$E22 -> 0.080308204 | G22: =+SUM(G20:G21) -> 3784144.5 | H22: =(O19-I17-I18)/(SUM(E20:E21)+(SUM(E24:E25))/O26) -> 0.095683795 | I22: =+SUM(I20:I21) -> 4508638.4 | L22: Adjusted Base Revenue Change | O22: =+O18/$G$29-1 -> 0.17018894
C23: =+C22-1 -> -7 | D23: Non-Summer Energy (Oct-May) | L23: Target Adjusted Base Revenue | O23: 0.17019035
C24: =+C23-1 -> -8 | D24: First 300 kWh | E24: =+SUM('I07'!E24,'I08'!E24) -> 44503584 | F24: 0.074534 | G24: =+F24*$E24 -> 3317030.2 | H24: =+H20 -> 0.088802 | I24: =+H24*$E24 -> 3952007.3 | L24: Season Cost Ratio (Unit Cost Sheet) | O24: 1.1504835
C25: =+C24-1 -> -9 | D25: All Additional kWh | E25: =+SUM('I07'!E25,'I08'!E25) -> 48834292 | F25: 0.074552 | G25: =+F25*$E25 -> 3640694.2 | H25: 0.088827 | I25: =+H25*$E25 -> 4337803.7 | L25: Season Energy Rate Differential - Current | O25: =+F22/F26 -> 1.0773346
C26: =+C25-1 -> -10 | D26: Subtotal - Non-Summer Energy | E26: =+SUM(E24:E25) -> 93337877 | F26: =+G26/$E26 -> 0.074543418 | G26: =+SUM(G24:G25) -> 6957724.3 | H26: =+H22/O26 -> 0.088815298 | I26: =+SUM(I24:I25) -> 8289811 | L26: Season Energy Rate Differential - Proposed | O26: =O25 -> 1.0773346
C27: =+C26-1 -> -11 | D27: Subtotal - Total Energy | E27: =+SUM(E26,E22) -> 1.4045815e+08 | G27: =+SUM(G26,G22) -> 10741869 | I27: =+SUM(I26,I22) -> 12798449 | L27: Small General - Distribution + Customer | O27: 12289902
C28: =+C27-1 -> -12 | D28: Transfer Adjustment Revenue | G28: =+SUM('I07'!G28,'I08'!G28) -> 425256.72 | L28: Small General - Meter Readings | O28: 360411.9
C29: =+C28-1 -> -13 | D29: Total Adjusted Base Revenue | G29: =+SUM(G17:G18,G22,G26,G28) -> 20203154 | I29: =+SUM(I27,I17:I18) -> 23641507 | L29: CCOS - Service Charge | O29: =+O27/O28 -> 34.099601
C31: § END | D31: § | E31: § | F31: § | G31: § | H31: § | I31: END § | L31: Check vs. Revenue Forecast | O31: 0
L33: Rounding Adjustment | O33: -2e-06
L35: Energy Tier Ratio | N35: Current | O35: Proposed
L36: Summer Tier 1 | N36: =+F20/$F$22 -> 0.92809945 | O36: =+N36 -> 0.92809945
L37: Summer Tier 2 | N37: =+F21/$F$22 -> 1.0606139 | O37: =+H21/H22 -> 1.0606289
L38: Non-Summer Tier 1 | N38: =+F24/$F$26 -> 0.99987366 | O38: =+H24/$H$26 -> 0.99985027
L39: Non-Summer Tier 2 | N39: =+F25/$F$26 -> 1.0001151 | O39: =+H25/$H$26 -> 1.0001318

Sheet I07
C3: Idaho Power Company
C4: State of Idaho
C5: Calculation of Proposed Rates
C6: Filed May 30, 2025
C7: IPC-E-25-16
C9: Small General Service
C10: Schedule 7
C12: Column | D12: (A) | E12: (B) | F12: (C) | G12: (D) | H12: (E) | I12: (F)
E14: Test Year | F14: Current | G14: Test Year | H14: Proposed | I14: Proposed
C15: Line | E15: Billing | F15: Base | G15: Base | H15: Effective | I15: Effective
C16: No. | D16: Description | E16: Units | F16: Rate | G16: Revenue | H16: Rate | I16: Revenue
C17: -1 | D17: Service Charge | E17: 360411.9 | F17: 25 | G17: =+F17*$E17 -> 9010297.5 | H17: ='I07+I08'!H17 -> 30 | I17: =+H17*$E17 -> 10812357 | L17: =+_xlfn.CONCAT(C9,", ",C10) -> Small General Service, Schedule 7
C18: =+C17-1 -> -2 | D18: Minimum Charge | E18: 293.66667 | F18: 3 | G18: =+F18*$E18 -> 881 | H18: ='I07+I08'!H18 -> 3 | I18: =+H18*$E18 -> 881 | L18: In Adjusted Base Revenue | O18: =+I29 -> 23563301
C19: =+C18-1 -> -3 | D19: Summer Energy (Jun-Sep) | L19: Target Adjusted Base Revenue | O19: =+G29*(1+O23) -> 23563056
C20: =+C19-1 -> -4 | D20: First 300 kWh | E20: 21484436 | F20: 0.074534 | G20: =+F20*$E20 -> 1601320.9 | H20: ='I07+I08'!H20 -> 0.088802 | I20: =+H20*$E20 -> 1907860.9 | L20: D | O20: =+O18-O19 -> 245.0273
C21: =+C20-1 -> -5 | D21: All Additional kWh | E21: 25463564 | F21: 0.085176 | G21: =+F21*$E21 -> 2168884.6 | H21: ='I07+I08'!H21 -> 0.101485 | I21: =+H21*$E21 -> 2584169.8
C22: =+C21-1 -> -6 | D22: Subtotal - Summer Energy | E22: =+SUM(E20:E21) -> 46948000 | F22: =+G22/$E22 -> 0.080305987 | G22: =+SUM(G20:G21) -> 3770205.5 | H22: =+I22/$E22 -> 0.095680981 | I22: =+SUM(I20:I21) -> 4492030.7 | L22: Adjusted Base Revenue Change | O22: =+O18/G29-1 -> 0.17020252
C23: =+C22-1 -> -7 | D23: Non-Summer Energy (Oct-May) | L23: Target Adjusted Base Revenue | O23: ='I07+I08'!$O$23 -> 0.17019035
C24: =+C23-1 -> -8 | D24: First 300 kWh | E24: 44366384 | F24: 0.074534 | G24: =+F24*$E24 -> 3306804.1 | H24: ='I07+I08'!H24 -> 0.088802 | I24: =+H24*$E24 -> 3939823.6 | L24: Season Cost Ratio (Unit Cost Sheet) | O24: 1.1504835
C25: =+C24-1 -> -9 | D25: All Additional kWh | E25: 48613690 | F25: 0.074552 | G25: =+F25*$E25 -> 3624247.8 | H25: ='I07+I08'!H25 -> 0.088827 | I25: =+H25*$E25 -> 4318208.2 | L25: Season Energy Rate Differential - Current | O25: =+F22/F26 -> 1.077305
C26: =+C25-1 -> -10 | D26: Subtotal - Non-Summer Energy | E26: =+SUM(E24:E25) -> 92980074 | F26: =+G26/$E26 -> 0.074543411 | G26: =+SUM(G24:G25) -> 6931051.9 | H26: =+I26/$E26 -> 0.088815071 | I26: =+SUM(I24:I25) -> 8258031.9 | L26: Season Energy Rate Differential - Proposed | O26: =+H22/H26 -> 1.0773057
C27: =+C26-1 -> -11 | D27: Subtotal - Total Energy | E27: =+SUM(E26,E22) -> 1.3992807e+08 | G27: =+SUM(G26,G22) -> 10701257 | I27: =+SUM(I26,I22) -> 12750063
C28: =+C27-1 -> -12 | D28: Transfer Adjustment Revenue | G28: 423651.85
C29: =+C28-1 -> -13 | D29: Total Adjusted Base Revenue | G29: =+SUM(G17:G18,G22,G26,G28) -> 20136088 | I29: =+SUM(I27,I17:I18) -> 23563301
C31: § END | D31: § | E31: § | F31: § | G31: § | H31: § | I31: END § | L31: Check vs. Revenue Forecast | O31: 0

Sheet I08
C3: Idaho Power Company
C4: State of Idaho
C5: Calculation of Proposed Rates
C6: Filed May 30, 2025
C7: IPC-E-25-16
C9: Small General Service On-Site Generation
C10: Schedule 8
C12: Column | D12: (A) | E12: (B) | F12: (C) | G12: (D) | H12: (E) | I12: (F)
E14: Test Year | F14: Current | G14: Test Year | H14: Proposed | I14: Proposed
C15: Line | E15: Billing | F15: Base | G15: Base | H15: Effective | I15: Effective
C16: No. | D16: Description | E16: Units | F16: Rate | G16: Revenue | H16: Rate | I16: Revenue
C17: -1 | D17: Service Charge | E17: 994 | F17: 25 | G17: =+F17*$E17 -> 24850 | H17: ='I07+I08'!H17 -> 30 | I17: =+H17*$E17 -> 29820 | L17: =+_xlfn.CONCAT(C9,", ",C10) -> Small General Service On-Site Generation, Schedule 8
C18: =+C17-1 -> -2 | D18: Minimum Charge | E18: 0 | F18: 3 | G18: =+F18*$E18 -> 0 | H18: ='I07+I08'!H18 -> 3 | I18: =+H18*$E18 -> 0 | L18: In Adjusted Base Revenue | O18: =+I29 -> 78206.855
C19: =+C18-1 -> -3 | D19: Summer Energy (Jun-Sep) | L19: Target Adjusted Base Revenue | O19: =+G29*(1+O23) -> 78480.372
C20: =+C19-1 -> -4 | D20: First 300 kWh | E20: 69019.172 | F20: 0.074534 | G20: =+F20*$E20 -> 5144.275 | H20: ='I07+I08'!H20 -> 0.088802 | I20: =+H20*$E20 -> 6129.0406 | L20: D | O20: =+O18-O19 -> -273.51663
C21: =+C20-1 -> -5 | D21: All Additional kWh | E21: 103253.58 | F21: 0.085176 | G21: =+F21*$E21 -> 8794.7269 | H21: ='I07+I08'!H21 -> 0.101485 | I21: =+H21*$E21 -> 10478.69
C22: =+C21-1 -> -6 | D22: Subtotal - Summer Energy | E22: =+SUM(E20:E21) -> 172272.75 | F22: =+G22/E22 -> 0.0809124 | G22: =+SUM(G20:G21) -> 13939.002 | H22: =+I22/$E22 -> 0.096403696 | I22: =+SUM(I20:I21) -> 16607.73 | L22: Adjusted Base Revenue Change | O22: =+O18/G29-1 -> 0.16611205
C23: =+C22-1 -> -7 | D23: Non-Summer Energy (Oct-May) | L23: Target Adjusted Base Revenue | O23: ='I07+I08'!$O$23 -> 0.17019035
C24: =+C23-1 -> -8 | D24: First 300 kWh | E24: 137200.19 | F24: 0.074534 | G24: =+F24*$E24 -> 10226.079 | H24: ='I07+I08'!H24 -> 0.088802 | I24: =+H24*$E24 -> 12183.651 | L24: Season Cost Ratio (Unit Cost Sheet) | O24: 1.185915
C25: =+C24-1 -> -9 | D25: All Additional kWh | E25: 220602.67 | F25: 0.074552 | G25: =+F25*$E25 -> 16446.37 | H25: ='I07+I08'!H25 -> 0.088827 | I25: =+H25*$E25 -> 19595.474 | L25: Season Energy Rate Differential - Current | O25: =+F22/F26 -> 1.0854154
C26: =+C25-1 -> -10 | D26: Subtotal - Non-Summer Energy | E26: =+SUM(E24:E25) -> 357802.86 | F26: =+G26/E26 -> 0.074545098 | G26: =+SUM(G24:G25) -> 26672.449 | H26: =+I26/$E26 -> 0.088817414 | I26: =+SUM(I24:I25) -> 31779.125 | L26: Season Energy Rate Differential - Proposed | O26: =+H22/H26 -> 1.0854144
C27: =+C26-1 -> -11 | D27: Subtotal - Total Energy | E27: =+SUM(E26,E22) -> 530075.62 | G27: =+SUM(G26,G22) -> 40611.451 | I27: =+SUM(I26,I22) -> 48386.855
C28: =+C27-1 -> -12 | D28: Transfer Adjustment Revenue | G28: 1604.8782
C29: =+C28-1 -> -13 | D29: Total Adjusted Base Revenue | G29: =+SUM(G17:G18,G22,G26,G28) -> 67066.33 | I29: =+SUM(I27,I17:I18) -> 78206.855
C31: § END | D31: § | E31: § | F31: § | G31: § | H31: § | I31: END § | L31: Check vs. Revenue Forecast | O31: 0

Sheet I09S
C3: Idaho Power Company
C4: State of Idaho
C5: Calculation of Proposed Rates
C6: Filed May 30, 2025
C7: IPC-E-25-16
C9: Large General Service
C10: Schedule 9 Secondary Service - Standard (Default)
C12: Column | D12: (A) | E12: (B) | F12: (C) | G12: (D) | H12: (E) | I12: (F)
E14: Test Year | F14: Current | G14: Test Year | H14: Proposed | I14: Proposed
C15: Line | E15: Billing | F15: Base | G15: Base | H15: Effective | I15: Effective
C16: No. | D16: Description | E16: Units | F16: Rate | G16: Revenue | H16: Rate | I16: Revenue
C17: -1 | D17: Service Charge | E17: 474816.1 | F17: 25 | G17: =+F17*$E17 -> 11870402 | H17: 30 | I17: =+H17*$E17 -> 14244483 | L17: =+_xlfn.CONCAT(C9,", ",C10) -> Large General Service, Schedule 9 Secondary Service - Standard (Default)
C18: =+C17-1 -> -2 | D18: Minimum Charge | E18: 247.33333 | F18: 3 | G18: =+F18*$E18 -> 742 | H18: =F18 -> 3 | I18: =+H18*$E18 -> 742 | L18: In Adjusted Base Revenue | O18: =+I30 -> 3.3187848e+08
C19: =+C18-1 -> -3 | D19: Basic Charge | L19: Target Adjusted Base Revenue | O19: 3.3188007e+08
C20: =+C19-1 -> -4 | D20: Total Basic Charge | E20: 15582930 | F20: 1.58 | G20: =+F20*$E20 -> 24621029 | H20: 2.03 | I20: =+H20*$E20 -> 31633347 | L20: D | O20: =+O18-O19 -> -1585.6027
C21: =+C20-1 -> -5 | D21: Demand Charge
C22: =+C21-1 -> -6 | D22: Summer (Jun-Sep) | E22: 4171092.6 | F22: 8.12 | G22: =+F22*$E22 -> 33869272 | H22: 10.14 | I22: =+H22*$E22 -> 42294879 | L22: Adjusted Base Revenue Change | O22: =+O18/G30-1 -> 0.071862421
C23: =+C22-1 -> -7 | D23: Non-Summer (Oct-May) | E23: 7373577.6 | F23: 6.39 | G23: =+F23*$E23 -> 47117161 | H23: 8.16 | I23: =+H23*$E23 -> 60168393 | L23: Target Adjusted Base Revenue | O23: 0.071867521
C24: =+C23-1 -> -8 | D24: Total Demand | E24: =+SUM(E22:E23) -> 11544670 | G24: =+SUM(G22:G23) -> 80986433 | I24: =+SUM(I22:I23) -> 1.0246327e+08 | L24: Season Energy Rate Differential - Unit Cost Sheet | O24: 1.0052863
C25: =+C24-1 -> -9 | D25: Energy Charge | L25: Season Energy Rate Deffendall Current | O25: =+F26/F27 -> 1.0367406
C26: =+C25-1 -> -10 | D26: Summer (Jun-Sep) | E26: 1.2047331e+09 | F26: 0.054658 | G26: =+F26*$E26 -> 65848304 | H26: 0.054088 | I26: =+H26*$E26 -> 65161606 | L26: Season Energy Rate Differential - Proposed | O26: =O24 -> 1.0052863
C27: =+C26-1 -> -11 | D27: Non-Summer (Oct-May) | E27: 2.2001158e+09 | F27: 0.052721 | G27: =+F27*$E27 -> 1.1599231e+08 | H27: 0.053804 | I27: =+H27*$E27 -> 1.1837503e+08
C28: =+C27-1 -> -12 | D28: Subtotal - Total Energy | E28: =+SUM(E26:E27) -> 3.404849e+09 | G28: =+SUM(G26:G27) -> 1.8184061e+08 | I28: =+SUM(I26:I27) -> 1.8353664e+08
C29: =+C28-1 -> -13 | D29: Transfer Adjustment Revenue | G29: 10308657
C30: =+C29-1 -> -14 | D30: Total Adjusted Base Revenue | G30: =+SUM(G29,G28,G24,G20,G17:G18) -> 3.0962787e+08 | I30: =+SUM(I29,I28,I24,I20,I17:I18) -> 3.3187848e+08 | L30: Check vs. Revenue Forecast | O30: 0
G31: =G30-G29 -> 2.9931922e+08
C32: § END | D32: § | E32: § | F32: § | G32: § | H32: § | I32: END § | L32: Rounding Adjustment | O32: -1e-06
C34: Large General Service
C35: Schedule 9 Secondary Service - Standard (Default)
C37: Column | D37: (A) | E37: (B) | F37: (C) | G37: (D) | H37: (E) | I37: (F)
E39: Test Year | F39: Current | G39: Test Year | H39: Proposed | I39: Proposed
C40: Line | E40: Billing | F40: Base | G40: Base | H40: Effective | I40: Effective
C41: No. | D41: Description | E41: Units | F41: Rate | G41: Revenue | H41: Rate | I41: Revenue
C42: -1 | D42: Service Charge | E42: 474804.1 | F42: =F17 -> 25 | G42: =+F42*$E42 -> 11870102 | H42: =H17 -> 30 | I42: =+H42*$E42 -> 14244123
C43: =+C42-1 -> -2 | D43: Minimum Charge | E43: 247.33333 | F43: =F18 -> 3 | G43: =+F43*$E43 -> 742 | H43: =H18 -> 3 | I43: =+H43*$E43 -> 742
C44: =+C43-1 -> -3 | D44: Basic Charge
C45: =+C44-1 -> -4 | D45: Total Basic Charge | E45: 15582810 | F45: =F20 -> 1.58 | G45: =+F45*$E45 -> 24620839 | H45: =H20 -> 2.03 | I45: =+H45*$E45 -> 31633103
C46: =+C45-1 -> -5 | D46: Demand Charge | L46: =L17 -> Large General Service, Schedule 9 Secondary Service - Standard (Default)
C47: =+C46-1 -> -6 | D47: Summer (Jun-Sep) | E47: 4171056.4 | F47: =F22 -> 8.12 | G47: =+F47*$E47 -> 33868978 | H47: =H22 -> 10.14 | I47: =+H47*$E47 -> 42294511 | L47: In Adjusted Base Revenue | O47: =I55 -> 3.3187648e+08
C48: =+C47-1 -> -7 | D48: Non-Summer (Oct-May) | E48: 7373548.1 | F48: =F23 -> 6.39 | G48: =+F48*$E48 -> 47116972 | H48: =H23 -> 8.16 | I48: =+H48*$E48 -> 60168152
C49: =+C48-1 -> -8 | D49: Total Demand | E49: =+SUM(E47:E48) -> 11544604 | G49: =+SUM(G47:G48) -> 80985950 | I49: =+SUM(I47:I48) -> 1.0246266e+08
C50: =+C49-1 -> -9 | D50: Energy Charge
C51: =+C50-1 -> -10 | D51: Summer (Jun-Sep) | E51: 1.2047243e+09 | F51: =F26 -> 0.054658 | G51: =+F51*$E51 -> 65847824 | H51: =H26 -> 0.054088 | I51: =+H51*$E51 -> 65161131
C52: =+C51-1 -> -11 | D52: Non-Summer (Oct-May) | E52: 2.2001099e+09 | F52: =F27 -> 0.052721 | G52: =+F52*$E52 -> 1.15992e+08 | H52: =H27 -> 0.053804 | I52: =+H52*$E52 -> 1.1837472e+08
C53: =+C52-1 -> -12 | D53: Subtotal - Total Energy | E53: =+SUM(E51:E52) -> 3.4048343e+09 | G53: =+SUM(G51:G52) -> 1.8183982e+08 | I53: =+SUM(I51:I52) -> 1.8353585e+08
C54: =+C53-1 -> -13 | D54: Transfer Adjustment Revenue | G54: 10308613
C55: =+C54-1 -> -14 | D55: Total Adjusted Base Revenue | G55: =+SUM(G54,G53,G49,G45,G42:G43) -> 3.0962607e+08 | I55: =+SUM(I54,I53,I49,I45,I42:I43) -> 3.3187648e+08
C57: § END | D57: § | E57: § | F57: § | G57: § | H57: § | I57: END §

Sheet I09S_TOU
C3: Idaho Power Company
C4: State of Idaho
C5: Calculation of Proposed Rates
C6: Filed May 30, 2025
C7: IPC-E-25-16
C9: Large General Service
C10: Schedule 9 Secondary Service - Time-of-Use (Optional)
C12: Column | D12: (A) | E12: (B) | F12: (C) | G12: (D) | H12: (E) | I12: (F)
E14: Test Year | F14: Current | G14: Test Year | H14: Proposed | I14: Proposed
C15: Line | E15: Billing | F15: Base | G15: Base | H15: Effective | I15: Effective
C16: No. | D16: Description | E16: Units | F16: Rate | G16: Revenue | H16: Rate | I16: Revenue
C17: -1 | D17: Service Charge | E17: 474816.1 | F17: 25 | G17: =+F17*$E17 -> 11870402 | H17: =I09S!H17 -> 30 | I17: =+H17*$E17 -> 14244483 | L17: =+_xlfn.CONCAT(C9,", ",C10) -> Large General Service, Schedule 9 Secondary Service - Time-of-Use (Optional)
C18: =+C17-1 -> -2 | D18: Minimum Charge | E18: 247.33333 | F18: 3 | G18: =+F18*$E18 -> 742 | H18: =I09S!H18 -> 3 | I18: =+H18*$E18 -> 742 | L18: In Adjusted Base Revenue | O18: =+I37 -> 3.3187998e+08
C19: =+C18-1 -> -3 | D19: Basic Charge | L19: Target Adjusted Base Revenue | O19: =+I09S!$O$19 -> 3.3188007e+08
C20: =+C19-1 -> -4 | D20: Total Basic Charge | E20: 15582930 | F20: 1.58 | G20: =+F20*$E20 -> 24621029 | H20: =I09S!$H$20 -> 2.03 | I20: =+H20*$E20 -> 31633347 | L20: D | O20: =+O18-O19 -> -92.422435
C21: =+C20-1 -> -5 | D21: Demand Charge
C22: =+C21-1 -> -6 | D22: Summer (Jun-Sep) | E22: 4171092.6 | F22: 8.12 | G22: =+F22*$E22 -> 33869272 | H22: =I09S!H22 -> 10.14 | I22: =+H22*$E22 -> 42294879 | L22: Adjusted Base Revenue Change | O22: =+O18/G37-1 -> 0.071754743
C23: =+C22-1 -> -7 | D23: Non-Summer (Oct-May) | E23: 7373577.6 | F23: 6.39 | G23: =+F23*$E23 -> 47117161 | H23: =I09S!H23 -> 8.16 | I23: =+H23*$E23 -> 60168393 | L23: Target Adjusted Base Revenue | O23: =(O19-G37)/G37 -> 0.071755042
C24: =+C23-1 -> -8 | D24: Total Demand | E24: =+SUM(E22:E23) -> 11544670 | G24: =+SUM(G22:G23) -> 80986433 | I24: =+SUM(I22:I23) -> 1.0246327e+08 | L24: Season Cost Ratio (Unit Cost Sheet) | O24: 1.0052863
C25: =+C24-1 -> -9 | D25: Summer Energy (Jun-Sep) | L25: Season Energy Rate Differential - Current | O25: =+F29/F34 -> 1.0361868
C26: =+C25-1 -> -10 | D26: On-Peak | E26: 1.6584735e+08 | F26: 0.058489 | G26: =+F26*$E26 -> 9700245.7 | H26: 0.071725 | I26: =+H26*$E26 -> 11895401 | L26: Season Energy Rate Differential - Proposed | O26: 1.0052784
C27: =+C26-1 -> -11 | D27: Mid-Peak | E27: 2.3853827e+08 | F27: 0.058489 | G27: =+F27*$E27 -> 13951865 | H27: 0.060348 | I27: =+H27*$E27 -> 14395307
C28: =+C27-1 -> -12 | D28: Off-Peak | E28: 8.0034753e+08 | F28: 0.052709 | G28: =+F28*$E28 -> 42185518 | H28: 0.048568 | I28: =+H28*$E28 -> 38871279 | L28: TOU Differentials
C29: =+C28-1 -> -13 | D29: Subtotal - Summer Energy | E29: =SUM(E26:E28) -> 1.2047331e+09 | F29: =+G29/E29 -> 0.054649138 | G29: =+SUM(G26:G28) -> 65837628 | H29: =+I29/E29 -> 0.054088316 | I29: =+SUM(I26:I28) -> 65161987 | L29: Summer On:Mid | O29: 1.2949305
C30: =+C29-1 -> -14 | D30: Non-Summer Energy (Oct-May) | L30: Summer Off:Mid | O30: 0.69464647
C31: =+C30-1 -> -15 | D31: On-Peak | E31: 4.9156732e+08 | F31: 0.055755 | G31: =+F31*$E31 -> 27407336 | H31: 0.05956 | I31: =+H31*$E31 -> 29277750 | L31: Non-Summer On:Mid | O31: 1.1502439
C32: =+C31-1 -> -16 | D32: Mid-Peak | E32: 5.1648545e+08 | F32: 0.053259 | G32: =+F32*$E32 -> 27507498 | H32: 0.054608 | I32: =+H32*$E32 -> 28204237 | L32: Non-Summer Off:Mid | O32: 0.89302253
C33: =+C32-1 -> -17 | D33: Off-Peak | E33: 1.192063e+09 | F33: 0.051273 | G33: =+F33*$E33 -> 61120649 | H33: 0.051083 | I33: =+H33*$E33 -> 60894157
C34: =+C33-1 -> -18 | D34: Subtotal - Non-Summer Energy | E34: =SUM(E31:E33) -> 2.2001158e+09 | F34: =+G34/E34 -> 0.052740625 | G34: =+SUM(G31:G33) -> 1.1603548e+08 | H34: =+I34/E34 -> 0.053804506 | I34: =+SUM(I31:I33) -> 1.1837614e+08 | L34: Fixed and Variable Costs in Energy (Proposed)
C35: =+C34-1 -> -19 | D35: Subtotal - Total Energy | E35: =+SUM(E34,E29) -> 3.404849e+09 | G35: =+SUM(G34,G29) -> 1.8187311e+08 | I35: =+SUM(I34,I29) -> 1.8353813e+08 | L35: Variable Cost in Energy - Summer | O35: 0.032320854
C36: =+C35-1 -> -20 | D36: Transfer Adjustment Revenue | G36: =I09S!$G$29 -> 10308657 | L36: Variable Cost in Energy - Non-Summer | O36: 0.032150894
C37: =+C36-1 -> -21 | D37: Total Adjusted Base Revenue | G37: =+SUM(G36,G35,G24,G20,G17:G18) -> 3.0966037e+08 | I37: =+SUM(I36,I35,I24,I20,I17:I18) -> 3.3187998e+08 | L37: Average Energy Rate - Summer | O37: =(O19-I17-I18-I20-I24)/(SUM(E26:E28)+(SUM(E31:E33))/O26) -> 0.054088467
L38: Average Energy Rate - Non-Sumer | O38: =+O37/O26 -> 0.053804465
C39: § END | D39: § | E39: § | F39: § | G39: § | H39: § | I39: END § | L39: Fixed Cost in Energy - Summer | O39: =+O37-O35 -> 0.021767613
L40: Fixed Cost in Energy - Non-Summer | O40: =+O38-O36 -> 0.021653571
E41: Test Year | F41: Current | G41: Test Year | H41: Proposed | I41: Proposed | L41: Variable Cost in Energy - Summer On-Peak | O41: =+O42*O29 -> 0.049959501
C42: Line | E42: Billing | F42: Base | G42: Base | H42: Effective | I42: Effective | L42: Variable Cost in Energy - Summer Mid-Peak | O42: =+(O35*E29)/((E28*O30)+(E26*O29)+E27) -> 0.038580837
C43: No. | D43: Description | E43: Units | F43: Rate | G43: Revenue | H43: Rate | I43: Revenue | L43: Variable Cost in Energy - Summer Off-Peak | O43: =+O42*O30 -> 0.026800042
C44: -1 | D44: Service Charge | E44: 12 | F44: 25 | G44: =+F44*$E44 -> 300 | H44: =H17 -> 30 | I44: =+H44*$E44 -> 360 | L44: Variable Cost in Energy - Non-Summer On-Peak | O44: =+O45*O31 -> 0.037906038
C45: =+C44-1 -> -2 | D45: Minimum Charge | E45: 0 | F45: 3 | G45: =+F45*$E45 -> 0 | H45: =H18 -> 3 | I45: =+H45*$E45 -> 0 | L45: Variable Cost in Energy - Non-Summer Mid-Peak | O45: =+(O36*E34)/((E33*O32)+(E31*O31)+E32) -> 0.032954782
C46: =+C45-1 -> -3 | D46: Basic Charge | L46: Variable Cost in Energy - Non-Summer Off-Peak | O46: =+O45*O32 -> 0.029429363
C47: =+C46-1 -> -4 | D47: Total Basic Charge | E47: 120 | F47: 1.58 | G47: =+F47*$E47 -> 189.6 | H47: =H20 -> 2.03 | I47: =+H47*$E47 -> 243.6
C48: =+C47-1 -> -5 | D48: Demand Charge | L48: Rounding Adjustment | O48: -2e-06
C49: =+C48-1 -> -6 | D49: Summer (Jun-Sep) | E49: 36.224 | F49: 8.12 | G49: =+F49*$E49 -> 294.13888 | H49: =H22 -> 10.14 | I49: =+H49*$E49 -> 367.31136
C50: =+C49-1 -> -7 | D50: Non-Summer (Oct-May) | E50: 29.568 | F50: 6.39 | G50: =+F50*$E50 -> 188.93952 | H50: =H23 -> 8.16 | I50: =+H50*$E50 -> 241.27488 | L50: Check vs. Revenue Forecast | O50: 0
C51: =+C50-1 -> -8 | D51: Total Demand | E51: =SUM(E49:E50) -> 65.792 | G51: =+SUM(G49:G50) -> 483.0784 | I51: =+SUM(I49:I50) -> 608.58624
C52: =+C51-1 -> -9 | D52: Summer Energy (Jun-Sep)
C53: =+C52-1 -> -10 | D53: On-Peak | E53: 1540.383 | F53: 0.058489 | G53: =+F53*$E53 -> 90.095461 | H53: =H26 -> 0.071725 | I53: =+H53*$E53 -> 110.48397 | L53: =L17 -> Large General Service, Schedule 9 Secondary Service - Time-of-Use (Optional)
C54: =+C53-1 -> -11 | D54: Mid-Peak | E54: 2456.477 | F54: 0.058489 | G54: =+F54*$E54 -> 143.67688 | H54: =H27 -> 0.060348 | I54: =+H54*$E54 -> 148.24347 | L54: In Adjusted Base Revenue | O54: =I64 -> 2019.8533
C55: =+C54-1 -> -12 | D55: Off-Peak | E55: 4799.167 | F55: 0.052709 | G55: =+F55*$E55 -> 252.95929 | H55: =H28 -> 0.048568 | I55: =+H55*$E55 -> 233.08594
C56: =+C55-1 -> -13 | D56: Subtotal - Summer Energy | E56: =SUM(E53:E55) -> 8796.027 | G56: =+SUM(G53:G55) -> 486.73164 | I56: =+SUM(I53:I55) -> 491.81339
C57: =+C56-1 -> -14 | D57: Non-Summer Energy (Oct-May)
C58: =+C57-1 -> -15 | D58: On-Peak | E58: 1139.261 | F58: 0.055755 | G58: =+F58*$E58 -> 63.519497 | H58: =H31 -> 0.05956 | I58: =+H58*$E58 -> 67.854385
C59: =+C58-1 -> -16 | D59: Mid-Peak | E59: 1709.314 | F59: 0.053259 | G59: =+F59*$E59 -> 91.036354 | H59: =H32 -> 0.054608 | I59: =+H59*$E59 -> 93.342219
C60: =+C59-1 -> -17 | D60: Off-Peak | E60: 3027.565 | F60: 0.051273 | G60: =+F60*$E60 -> 155.23234 | H60: =H33 -> 0.051083 | I60: =+H60*$E60 -> 154.6571
C61: =+C60-1 -> -18 | D61: Subtotal - Non-Summer Energy | E61: =SUM(E58:E60) -> 5876.14 | G61: =+SUM(G58:G60) -> 309.78819 | I61: =+SUM(I58:I60) -> 315.85371
C62: =+C61-1 -> -19 | D62: Subtotal - Total Energy | E62: =E61+E56 -> 14672.167 | G62: =+SUM(G61,G56) -> 796.51983 | I62: =+SUM(I61,I56) -> 807.66709
C63: =+C62-1 -> -20 | D63: Transfer Adjustment Revenue | G63: 44.422041
C64: =+C63-1 -> -21 | D64: Total Adjusted Base Revenue | G64: =+SUM(G63,G62,G51,G47,G44:G45) -> 1813.6203 | I64: =+SUM(I63,I62,I51,I47,I44:I45) -> 2019.8533
C66: § END | D66: § | E66: § | F66: § | G66: § | H66: § | I66: END §

Sheet I09P
C3: Idaho Power Company
C4: State of Idaho
C5: Calculation of Proposed Rates
C6: Filed May 30, 2025
C7: IPC-E-25-16
C9: Large General Service
C10: Schedule 9 Primary Service
C12: Column | D12: (A) | E12: (B) | F12: (C) | G12: (D) | H12: (E) | I12: (F)
E14: Test Year | F14: Current | G14: Test Year | H14: Proposed | I14: Proposed
C15: Line | E15: Billing | F15: Base | G15: Base | H15: Effective | I15: Effective
C16: No. | D16: Description | E16: Units | F16: Rate | G16: Revenue | H16: Rate | I16: Revenue
C17: -1 | D17: Service Charge | E17: 3500.8 | F17: 340 | G17: =+F17*$E17 -> 1190272 | H17: 360 | I17: =+H17*$E17 -> 1260288 | L17: =+_xlfn.CONCAT(C9,", ",C10) -> Large General Service, Schedule 9 Primary Service
C18: =+C17-1 -> -2 | D18: Minimum Charge | E18: 2 | F18: 50 | G18: =+F18*$E18 -> 100 | H18: =F18 -> 50 | I18: =+H18*$E18 -> 100 | L18: In Adjusted Base Revenue | O18: =+I38 -> 55940398
C19: =+C18-1 -> -3 | D19: Basic Charge | L19: Target Adjusted Base Revenue | O19: =+G38*(1+O23) -> 55940414
C20: =+C19-1 -> -4 | D20: Total Basic Charge | E20: 2079364.1 | F20: 1.83 | G20: =+F20*$E20 -> 3805236.3 | H20: 2.22 | I20: =+H20*$E20 -> 4616188.3 | L20: D | O20: =+O18-O19 -> -16.330604
C21: =+C20-1 -> -5 | D21: Demand Charge
C22: =+C21-1 -> -6 | D22: Summer (Jun-Sep) | E22: 476215.77 | F22: 8.35 | G22: =+F22*$E22 -> 3976401.6 | H22: 11.04 | I22: =+H22*$E22 -> 5257422 | L22: Adjusted Base Revenue Change | O22: =+O18/G38-1 -> 0.068770682
C23: =+C22-1 -> -7 | D23: Non-Summer (Oct-May) | E23: 1198405.9 | F23: 7.91 | G23: =+F23*$E23 -> 9479390.5 | H23: 9.91 | I23: =+H23*$E23 -> 11876202 | L23: Target Adjusted Base Revenue | O23: 0.068770994
C24: =+C23-1 -> -8 | D24: Total Demand | E24: =+SUM(E22:E23) -> 1674621.6 | G24: =+SUM(G22:G23) -> 13455792 | I24: =+SUM(I22:I23) -> 17133624 | L24: Season Cost Ratio (Unit Cost Sheet) | O24: =O35/O36 -> 1.0159829
C25: =+C24-1 -> -9 | D25: On-Peak Summer Demand (Jun-Sep) | E25: 468865.9 | F25: 1.59 | G25: =+F25*$E25 -> 745496.77 | H25: 2.1 | I25: =+H25*$E25 -> 984618.38 | L25: Season Energy Rate Differential - Current | O25: =+F30/F35 -> 1.0890128
C26: =+C25-1 -> -10 | D26: Summer Energy (Jun-Sep) | L26: Season Energy Rate Differential - Proposed | O26: =O24 -> 1.0159829
C27: =+C26-1 -> -11 | D27: On-Peak | E27: 32775131 | F27: 0.053937 | G27: =+F27*$E27 -> 1767792.3 | H27: 0.06671 | I27: =+H27*$E27 -> 2186429
C28: =+C27-1 -> -12 | D28: Mid-Peak | E28: 46014976 | F28: 0.053937 | G28: =+F28*$E28 -> 2481909.8 | H28: 0.055532 | I28: =+H28*$E28 -> 2555303.7 | L28: TOU Differentials
C29: =+C28-1 -> -13 | D29: Off-Peak | E29: 1.6180509e+08 | F29: 0.048346 | G29: =+F29*$E29 -> 7822628.9 | H29: 0.043957 | I29: =+H29*$E29 -> 7112466.3 | L29: Summer On:Mid | O29: 1.2949305
C30: =+C29-1 -> -14 | D30: Subtotal - Summer Energy | E30: =+SUM(E27:E29) -> 2.405952e+08 | F30: =+G30/$E30 -> 0.050176941 | G30: =+SUM(G27:G29) -> 12072331 | H30: =+I30/$E30 -> 0.049270306 | I30: =+SUM(I27:I29) -> 11854199 | L30: Summer Off:Mid | O30: 0.69464647
C31: =+C30-1 -> -15 | D31: Non-Summer Energy (Oct-May) | L31: Non-Summer On:Mid | O31: 1.1502439
C32: =+C31-1 -> -16 | D32: On-Peak | E32: 93275039 | F32: 0.048995 | G32: =+F32*$E32 -> 4570010.5 | H32: 0.054064 | I32: =+H32*$E32 -> 5042821.7 | L32: Non-Summer Off:Mid | O32: 0.89302253
C33: =+C32-1 -> -17 | D33: Mid-Peak | E33: 96201361 | F33: 0.046579 | G33: =+F33*$E33 -> 4480963.2 | H33: 0.049269 | I33: =+H33*$E33 -> 4739744.9
C34: =+C33-1 -> -18 | D34: Off-Peak | E34: 2.2481819e+08 | F34: 0.044649 | G34: =+F34*$E34 -> 10037908 | H34: 0.045854 | I34: =+H34*$E34 -> 10308813 | L34: Fixed and Variable Costs in Energy (Proposed)
C35: =+C34-1 -> -19 | D35: Subtotal - Non-Summer Energy | E35: =+SUM(E32:E34) -> 4.1429459e+08 | F35: =+G35/$E35 -> 0.046075622 | G35: =+SUM(G32:G34) -> 19088881 | H35: =+I35/$E35 -> 0.048495395 | I35: =+SUM(I32:I34) -> 20091380 | L35: Variable Cost in Energy - Summer | O35: 0.031644921
C36: =+C35-1 -> -20 | D36: Subtotal - Total Energy | E36: =+SUM(E35,E30) -> 6.5488979e+08 | G36: =+SUM(G35,G30) -> 31161212 | I36: =+SUM(I35,I30) -> 31945579 | L36: Variable Cost in Energy - Non-Summer | O36: 0.031147101
C37: =+C36-1 -> -21 | D37: Transfer Adjustment Revenue | G37: 1982770.6 | L37: Average Energy Rate - Summer | O37: =(O19-I17-I18-I20-I24-I25)/(SUM(E27:E29)+(SUM(E32:E34))/O26) -> 0.049270447
C38: =+C37-1 -> -22 | D38: Total Adjusted Base Revenue | G38: =+SUM(G37,G36,G24:G25,G20,G17:G18) -> 52340880 | I38: =+SUM(I37,I36,I24:I25,I20,I17:I18) -> 55940398 | L38: Average Energy Rate - Non-Sumer | O38: =+O37/O26 -> 0.048495353
L39: Fixed Cost in Energy - Summer | O39: =+O37-O35 -> 0.017625527
C40: § END | D40: § | E40: § | F40: § | G40: § | H40: § | I40: END § | L40: Fixed Cost in Energy - Non-Summer | O40: =+O38-O36 -> 0.017348252
L41: Variable Cost in Energy - Summer On-Peak | O41: =+O42*$O$29 -> 0.049085961
L42: Variable Cost in Energy - Summer Mid-Peak | O42: =+($O$35*$E$30)/(($E$29*$O$30)+($E$27*$O$29)+$E$28) -> 0.037906253
L43: Variable Cost in Energy - Summer Off-Peak | O43: =+O42*$O$30 -> 0.026331445
L44: Variable Cost in Energy - Non-Summer On-Peak | O44: =+O45*$O$31 -> 0.03671623
L45: Variable Cost in Energy - Non-Summer Mid-Peak | O45: =+(O36*$E$35)/(($E$34*$O$32)+($E$32*$O$31)+$E$33) -> 0.031920387
L46: Variable Cost in Energy - Non-Summer Off-Peak | O46: =+O45*$O$32 -> 0.028505624
L48: Check vs. Revenue Forecast | O48: 0
L50: Rounding Adjustment | O50: -1e-06

Sheet I09T
C3: Idaho Power Company
C4: State of Idaho
C5: Calculation of Proposed Rates
C6: Filed May 30, 2025
C7: IPC-E-25-16
C9: Large General Service
C10: Schedule 9 Transmission Service
C12: Column | D12: (A) | E12: (B) | F12: (C) | G12: (D) | H12: (E) | I12: (F)
E14: Test Year | F14: Current | G14: Test Year | H14: Proposed | I14: Proposed
C15: Line | E15: Billing | F15: Base | G15: Base | H15: Effective | I15: Effective
C16: No. | D16: Description | E16: Units | F16: Rate | G16: Revenue | H16: Rate | I16: Revenue
C17: -1 | D17: Service Charge | E17: 68 | F17: 340 | G17: =+F17*$E17 -> 23120 | H17: 360 | I17: =+H17*$E17 -> 24480 | L17: =+_xlfn.CONCAT(C9,", ",C10) -> Large General Service, Schedule 9 Transmission Service
C18: =+C17-1 -> -2 | D18: Minimum Charge | E18: 0 | F18: 50 | G18: =+F18*$E18 -> 0 | H18: =F18 -> 50 | I18: =+H18*$E18 -> 0 | L18: In Adjusted Base Revenue | O18: =+I38 -> 348351.63
C19: =+C18-1 -> -3 | D19: Basic Charge | L19: Target Adjusted Base Revenue | O19: =+G38*(1+O23) -> 348351.86
C20: =+C19-1 -> -4 | D20: Total Basic Charge | E20: 18439.371 | F20: 1.09 | G20: =+F20*$E20 -> 20098.914 | H20: 0.96 | I20: =+H20*$E20 -> 17701.796 | L20: D | O20: =+O18-O19 -> -0.22902219
C21: =+C20-1 -> -5 | D21: Demand Charge
C22: =+C21-1 -> -6 | D22: Summer (Jun-Sep) | E22: 5574.7395 | F22: 7.38 | G22: =+F22*$E22 -> 41141.578 | H22: 8.63 | I22: =+H22*$E22 -> 48110.002 | L22: Adjusted Base Revenue Change | O22: =+O18/G38-1 -> 0.068770292
C23: =+C22-1 -> -7 | D23: Non-Summer (Oct-May) | E23: 8872.8411 | F23: 6.46 | G23: =+F23*$E23 -> 57318.553 | H23: 8.44 | I23: =+H23*$E23 -> 74886.779 | L23: Target Adjusted Base Revenue | O23: 0.068770994
C24: =+C23-1 -> -8 | D24: Total Demand | E24: =+SUM(E22:E23) -> 14447.581 | G24: =+SUM(G22:G23) -> 98460.131 | I24: =+SUM(I22:I23) -> 122996.78 | L24: Season Cost Ratio (Unit Cost Sheet) | O24: =O35/O36 -> 1.0159829
C25: =+C24-1 -> -9 | D25: On-Peak Summer Demand (Jun-Sep) | E25: 3731.2005 | F25: 1.59 | G25: =+F25*$E25 -> 5932.6088 | H25: 2.1 | I25: =+H25*$E25 -> 7835.5211 | L25: Season Energy Rate Differential - Current | O25: =+F30/F35 -> 1.0882681
C26: =+C25-1 -> -10 | D26: Summer Energy (Jun-Sep) | L26: Season Energy Rate Differential - Proposed | O26: =I09P!O26 -> 1.0159829
C27: =+C26-1 -> -11 | D27: On-Peak | E27: 135602.87 | F27: 0.053305 | G27: =+F27*$E27 -> 7228.3111 | H27: 0.06846 | I27: =+H27*$E27 -> 9283.3726
C28: =+C27-1 -> -12 | D28: Mid-Peak | E28: 213681.4 | F28: 0.053305 | G28: =+F28*$E28 -> 11390.287 | H28: 0.056891 | I28: =+H28*$E28 -> 12156.549 | L28: TOU Differentials
C29: =+C28-1 -> -13 | D29: Off-Peak | E29: 958525.73 | F29: 0.047648 | G29: =+F29*$E29 -> 45671.834 | H29: 0.044914 | I29: =+H29*$E29 -> 43051.224 | L29: Summer On:Mid | O29: 1.2949305
C30: =+C29-1 -> -14 | D30: Subtotal - Summer Energy | E30: =+SUM(E27:E29) -> 1307810 | F30: =+G30/$E30 -> 0.049158847 | G30: =+SUM(G27:G29) -> 64290.432 | H30: =+I30/$E30 -> 0.04931232 | I30: =+SUM(I27:I29) -> 64491.146 | L30: Summer Off:Mid | O30: 0.69464647
C31: =+C30-1 -> -15 | D31: Non-Summer Energy (Oct-May) | L31: Non-Summer On:Mid | O31: 1.1502439
C32: =+C31-1 -> -16 | D32: On-Peak | E32: 510119.67 | F32: 0.048079 | G32: =+F32*$E32 -> 24526.043 | H32: 0.054073 | I32: =+H32*$E32 -> 27583.701 | L32: Non-Summer Off:Mid | O32: 0.89302253
C33: =+C32-1 -> -17 | D33: Mid-Peak | E33: 558665.93 | F33: 0.045663 | G33: =+F33*$E33 -> 25510.362 | H33: 0.049282 | I33: =+H33*$E33 -> 27532.174
C34: =+C33-1 -> -18 | D34: Off-Peak | E34: 1214966.4 | F34: 0.043725 | G34: =+F34*$E34 -> 53124.406 | H34: 0.04587 | I34: =+H34*$E34 -> 55730.509 | L34: Fixed and Variable Costs in Energy (Proposed)
C35: =+C34-1 -> -19 | D35: Subtotal - Non-Summer Energy | E35: =+SUM(E32:E34) -> 2283752 | F35: =+G35/$E35 -> 0.045171635 | G35: =+SUM(G32:G34) -> 103160.81 | H35: =+I35/$E35 -> 0.048536962 | I35: =+SUM(I32:I34) -> 110846.38 | L35: Variable Cost in Energy - Summer | O35: 0.031644921
C36: =+C35-1 -> -20 | D36: Subtotal - Total Energy | E36: =+SUM(E35,E30) -> 3591562 | G36: =+SUM(G35,G30) -> 167451.24 | I36: =+SUM(I35,I30) -> 175337.53 | L36: Variable Cost in Energy - Non-Summer | O36: 0.031147101
C37: =+C36-1 -> -21 | D37: Transfer Adjustment Revenue | G37: 10873.957 | L37: Average Energy Rate - Summer | O37: =(O19-I17-I18-I20-I24-I25)/(SUM(E27:E29)+(SUM(E32:E34))/O26) -> 0.049312638
C38: =+C37-1 -> -22 | D38: Total Adjusted Base Revenue | G38: =+SUM(G37,G36,G24:G25,G20,G17:G18) -> 325936.85 | I38: =+SUM(I37,I36,I24:I25,I20,I17:I18) -> 348351.63 | L38: Average Energy Rate - Non-Sumer | O38: =+O37/O26 -> 0.04853688
L39: Fixed Cost in Energy - Summer | O39: =+O37-O35 -> 0.017667718
C40: § END | D40: § | E40: § | F40: § | G40: § | H40: § | I40: END § | L40: Fixed Cost in Energy - Non-Summer | O40: =+O38-O36 -> 0.017389779
L41: Variable Cost in Energy - Summer On-Peak | O41: =+O42*O29 -> 0.050792038
L42: Variable Cost in Energy - Summer Mid-Peak | O42: =+(O35*E30)/((E29*O30)+(E27*O29)+E28) -> 0.039223758
L43: Variable Cost in Energy - Summer Off-Peak | O43: =+O42*O30 -> 0.027246645
L44: Variable Cost in Energy - Non-Summer On-Peak | O44: =+O45*O31 -> 0.036683418
L45: Variable Cost in Energy - Non-Summer Mid-Peak | O45: =+(O36*E35)/((E34*O32)+(E32*O31)+E33) -> 0.03189186
L46: Variable Cost in Energy - Non-Summer Off-Peak | O46: =+O45*O32 -> 0.02848015
L48: Check vs. Revenue Forecast | O48: 0
L50: Rounding Adjustment | O50: 0

Sheet I19S
C3: Idaho Power Company
C4: State of Idaho
C5: Calculation of Proposed Rates
C6: Filed May 30, 2025
C7: IPC-E-25-16
C9: Large Power Service
C10: Schedule 19 Secondary Service
C12: Column | D12: (A) | E12: (B) | F12: (C) | G12: (D) | H12: (E) | I12: (F)
E14: Test Year | F14: Current | G14: Test Year | H14: Proposed | I14: Proposed
C15: Line | E15: Billing | F15: Base | G15: Base | H15: Effective | I15: Effective
C16: No. | D16: Description | E16: Units | F16: Rate | G16: Revenue | H16: Rate | I16: Revenue
C17: -1 | D17: Service Charge | E17: 12 | F17: 85 | G17: =+F17*$E17 -> 1020 | H17: 125 | I17: =+H17*$E17 -> 1500 | L17: =+_xlfn.CONCAT(C9,", ",C10) -> Large Power Service, Schedule 19 Secondary Service
C18: =+C17-1 -> -2 | D18: Minimum Charge | E18: 0 | F18: 3 | G18: =+F18*$E18 -> 0 | H18: =F18 -> 3 | I18: =+H18*$E18 -> 0 | L18: In Adjusted Base Revenue | O18: =+I38 -> 563763.59
C19: =+C18-1 -> -3 | D19: Basic Charge | L19: Target Adjusted Base Revenue | O19: =+G38*(1+O23) -> 563764.94
C20: =+C19-1 -> -4 | D20: Total Basic Charge | E20: 14299.899 | F20: 2.01 | G20: =+F20*$E20 -> 28742.796 | H20: 2.47 | I20: =+H20*$E20 -> 35320.75 | L20: D | O20: =+O18-O19 -> -1.3527175
C21: =+C20-1 -> -5 | D21: Demand Charge
C22: =+C21-1 -> -6 | D22: Summer (Jun-Sep) | E22: 4155.1062 | F22: 10.5 | G22: =+F22*$E22 -> 43628.615 | H22: 13.99 | I22: =+H22*$E22 -> 58129.936 | L22: Adjusted Base Revenue Change | O22: =+O18/G38-1 -> 0.099739734
C23: =+C22-1 -> -7 | D23: Non-Summer (Oct-May) | E23: 8539.9845 | F23: 8.45 | G23: =+F23*$E23 -> 72162.869 | H23: 12.01 | I23: =+H23*$E23 -> 102565.21 | L23: Target Adjusted Base Revenue | O23: 0.099742373
C24: =+C23-1 -> -8 | D24: Total Demand | E24: =+SUM(E22:E23) -> 12695.091 | G24: =+SUM(G22:G23) -> 115791.48 | I24: =+SUM(I22:I23) -> 160695.15 | L24: Season Cost Ratio (Unit Cost Sheet) | O24: =O35/O36 -> 1.0147796
C25: =+C24-1 -> -9 | D25: On-Peak Summer Demand (Jun-Sep) | E25: 3810.7497 | F25: 1.82 | G25: =+F25*$E25 -> 6935.5645 | H25: 2.42 | I25: =+H25*$E25 -> 9222.0144 | L25: Season Energy Rate Differential - Current | O25: =+F30/F35 -> 1.0960503
C26: =+C25-1 -> -10 | D26: Summer Energy (Jun-Sep) | L26: Season Energy Rate Differential - Proposed | O26: =O24 -> 1.0147796
C27: =+C26-1 -> -11 | D27: On-Peak | E27: 306402 | F27: 0.059941 | G27: =+F27*$E27 -> 18366.042 | H27: 0.0733 | I27: =+H27*$E27 -> 22459.267
C28: =+C27-1 -> -12 | D28: Mid-Peak | E28: 387352 | F28: 0.059941 | G28: =+F28*$E28 -> 23218.266 | H28: 0.062088 | I28: =+H28*$E28 -> 24049.911 | L28: TOU Differentials
C29: =+C28-1 -> -13 | D29: Off-Peak | E29: 1413300 | F29: 0.054287 | G29: =+F29*$E29 -> 76723.817 | H29: 0.050473 | I29: =+H29*$E29 -> 71333.491 | L29: Summer On:Mid | O29: 1.2949305
C30: =+C29-1 -> -14 | D30: Subtotal - Summer Energy | E30: =+SUM(E27:E29) -> 2107054 | F30: =+G30/$E30 -> 0.056148597 | G30: =+SUM(G27:G29) -> 118308.13 | H30: =+I30/$E30 -> 0.055927693 | I30: =+SUM(I27:I29) -> 117842.67 | L30: Summer Off:Mid | O30: 0.69464647
C31: =+C30-1 -> -15 | D31: Non-Summer Energy (Oct-May) | L31: Non-Summer On:Mid | O31: 1.1502439
C32: =+C31-1 -> -16 | D32: On-Peak | E32: 944370.72 | F32: 0.054204 | G32: =+F32*$E32 -> 51188.671 | H32: 0.060834 | I32: =+H32*$E32 -> 57449.848 | L32: Non-Summer Off:Mid | O32: 0.89302253
C33: =+C32-1 -> -17 | D33: Mid-Peak | E33: 976851.09 | F33: 0.051783 | G33: =+F33*$E33 -> 50584.28 | H33: 0.055984 | I33: =+H33*$E33 -> 54688.031
C34: =+C33-1 -> -18 | D34: Off-Peak | E34: 2418525.2 | F34: 0.049842 | G34: =+F34*$E34 -> 120544.13 | H34: 0.05253 | I34: =+H34*$E34 -> 127045.13 | L34: Fixed and Variable Costs in Energy (Proposed)
C35: =+C34-1 -> -19 | D35: Subtotal - Non-Summer Energy | E35: =+SUM(E32:E34) -> 4339747 | F35: =+G35/$E35 -> 0.051228121 | G35: =+SUM(G32:G34) -> 222317.08 | H35: =+I35/$E35 -> 0.055114505 | I35: =+SUM(I32:I34) -> 239183.01 | L35: Variable Cost in Energy - Summer | O35: 0.031879732
C36: =+C35-1 -> -20 | D36: Subtotal - Total Energy | E36: =+SUM(E35,E30) -> 6446801 | G36: =+SUM(G35,G30) -> 340625.21 | I36: =+SUM(I35,I30) -> 357025.68 | L36: Variable Cost in Energy - Non-Summer | O36: 0.031415424
C37: =+C36-1 -> -21 | D37: Transfer Adjustment Revenue | G37: 19518.593 | L37: Average Energy Rate - Summer | O37: =(O19-I17-I18-I20-I24-I25)/(SUM(E27:E29)+(SUM(E32:E34))/O26) -> 0.055928831
C38: =+C37-1 -> -22 | D38: Total Adjusted Base Revenue | G38: =+SUM(G37,G36,G24:G25,G20,G17:G18) -> 512633.65 | I38: =+SUM(I37,I36,I24:I25,I20,I17:I18) -> 563763.59 | L38: Average Energy Rate - Non-Sumer | O38: =+O37/O26 -> 0.055114264
L39: Fixed Cost in Energy - Summer | O39: 0.024049
C40: § END | D40: § | E40: § | F40: § | G40: § | H40: § | I40: END § | L40: Fixed Cost in Energy - Non-Summer | O40: 0.023699
L41: Variable Cost in Energy - Summer On-Peak | O41: =+O42*O29 -> 0.049258279
L42: Variable Cost in Energy - Summer Mid-Peak | O42: =+(O35*E30)/((E29*O30)+(E27*O29)+E28) -> 0.038039324
L43: Variable Cost in Energy - Summer Off-Peak | O43: =+O42*O30 -> 0.026423882
L44: Variable Cost in Energy - Non-Summer On-Peak | O44: =+O45*O31 -> 0.037135216
L45: Variable Cost in Energy - Non-Summer Mid-Peak | O45: =+(O36*E35)/((E34*O32)+(E32*O31)+E33) -> 0.032284644
L46: Variable Cost in Energy - Non-Summer Off-Peak | O46: =+O45*O32 -> 0.028830915
L48: Check vs. Revenue Forecast | O48: 0
L50: Rounding Adjustment | O50: -7e-06

Sheet I19P
C3: Idaho Power Company
C4: State of Idaho
C5: Calculation of Proposed Rates
C6: Filed May 30, 2025
C7: IPC-E-25-16
C9: Large Power Service
C10: Schedule 19 Primary Service
C12: Column | D12: (A) | E12: (B) | F12: (C) | G12: (D) | H12: (E) | I12: (F)
E14: Test Year | F14: Current | G14: Test Year | H14: Proposed | I14: Proposed
C15: Line | E15: Billing | F15: Base | G15: Base | H15: Effective | I15: Effective
C16: No. | D16: Description | E16: Units | F16: Rate | G16: Revenue | H16: Rate | I16: Revenue
C17: -1 | D17: Service Charge | E17: 1560.1 | F17: 415 | G17: =+F17*$E17 -> 647441.5 | H17: 490 | I17: =+H17*$E17 -> 764449 | L17: =+_xlfn.CONCAT(C9,", ",C10) -> Large Power Service, Schedule 19 Primary Service
C18: =+C17-1 -> -2 | D18: Minimum Charge | E18: 0 | F18: 50 | G18: =+F18*$E18 -> 0 | H18: 50 | I18: =+H18*$E18 -> 0 | L18: In Adjusted Base Revenue | O18: =+I51 -> 1.7306864e+08
C19: =+C18-1 -> -3 | D19: Basic Charge | L19: Target Adjusted Base Revenue | O19: =+G51*(1+O23) -> 1.7306874e+08
C20: =+C19-1 -> -4 | D20: Total Basic Charge | E20: 4818509.8 | F20: 2.21 | G20: =+F20*$E20 -> 10648907 | H20: 2.6 | I20: =+H20*$E20 -> 12528125 | L20: D | O20: =+O18-O19 -> -104.00959
C21: =+C20-1 -> -5 | D21: Demand Charge
C22: =+C21-1 -> -6 | D22: Summer (Jun-Sep) | E22: 1468359.6 | F22: 10.04 | G22: =+F22*$E22 -> 14742330 | H22: 13.09 | I22: =+H22*$E22 -> 19220827 | L22: Adjusted Base Revenue Change | O22: =+O18/G51-1 -> 0.099741712
C23: =+C22-1 -> -7 | D23: Non-Summer (Oct-May) | E23: 2805397 | F23: 8.64 | G23: =+F23*$E23 -> 24238630 | H23: 11.93 | I23: =+H23*$E23 -> 33468387 | L23: Target Adjusted Base Revenue | O23: 0.099742373
C24: =+C23-1 -> -8 | D24: Total Demand | E24: =+SUM(E22:E23) -> 4273756.6 | G24: =+SUM(G22:G23) -> 38980961 | I24: =+SUM(I22:I23) -> 52689214 | L24: Season Cost Ratio (Unit Cost Sheet) | O24: =O35/O36 -> 1.0147796
C25: =+C24-1 -> -9 | D25: On-Peak Summer Demand (Jun-Sep) | E25: 1297942.8 | F25: 1.59 | G25: =+F25*$E25 -> 2063729.1 | H25: 2.07 | I25: =+H25*$E25 -> 2686741.6 | L25: Season Energy Rate Differential - Current | O25: =+F30/F35 -> 1.0962801
C26: =+C25-1 -> -10 | D26: Summer Energy (Jun-Sep) | L26: Season Energy Rate Differential - Proposed | O26: =I19S!$O$26 -> 1.0147796
C27: =+C26-1 -> -11 | D27: On-Peak | E27: 1.0404342e+08 | F27: 0.052314 | G27: =+F27*$E27 -> 5442927.6 | H27: 0.066358 | I27: =+H27*$E27 -> 6904113.5
C28: =+C27-1 -> -12 | D28: Mid-Peak | E28: 1.3448757e+08 | F28: 0.052314 | G28: =+F28*$E28 -> 7035582.7 | H28: 0.055115 | I28: =+H28*$E28 -> 7412282.4 | L28: TOU Differentials
C29: =+C28-1 -> -13 | D29: Off-Peak | E29: 4.9248241e+08 | F29: 0.046655 | G29: =+F29*$E29 -> 22976767 | H29: 0.043474 | I29: =+H29*$E29 -> 21410180 | L29: Summer On:Mid | O29: 1.2949305
C30: =+C29-1 -> -14 | D30: Subtotal -Summer Energy | E30: =+SUM(E27:E29) -> 7.310134e+08 | F30: =+G30/$E30 -> 0.048501542 | G30: =+SUM(G27:G29) -> 35455277 | H30: =+I30/$E30 -> 0.048872669 | I30: =+SUM(I27:I29) -> 35726576 | L30: Summer Off:Mid | O30: 0.69464647
C31: =+C30-1 -> -15 | D31: Non-Summer Energy (Oct-May) | L31: Non-Summer On:Mid | O31: 1.1502439
C32: =+C31-1 -> -16 | D32: On-Peak | E32: 3.0803031e+08 | F32: 0.047227 | G32: =+F32*$E32 -> 14547347 | H32: 0.053897 | I32: =+H32*$E32 -> 16601910 | L32: Non-Summer Off:Mid | O32: 0.89302253
C33: =+C32-1 -> -17 | D33: Mid-Peak | E33: 3.1578107e+08 | F33: 0.044805 | G33: =+F33*$E33 -> 14148571 | H33: 0.049044 | I33: =+H33*$E33 -> 15487167
C34: =+C33-1 -> -18 | D34: Off-Peak | E34: 7.9576549e+08 | F34: 0.042863 | G34: =+F34*$E34 -> 34108896 | H34: 0.045589 | I34: =+H34*$E34 -> 36278153 | L34: Fixed and Variable Costs in Energy (Proposed)
C35: =+C34-1 -> -19 | D35: Subtotal - Non-Summer Energy | E35: =+SUM(E32:E34) -> 1.4195769e+09 | F35: =+G35/$E35 -> 0.044241926 | G35: =+SUM(G32:G34) -> 62804814 | H35: =+I35/$E35 -> 0.048160287 | I35: =+SUM(I32:I34) -> 68367229 | L35: Variable Cost in Energy - Summer | O35: 0.031879732
C36: =+C35-1 -> -20 | D36: Subtotal - Total Energy | E36: =+SUM(E35,E30) -> 2.1505903e+09 | G36: =+SUM(G35,G30) -> 98260092 | I36: =+SUM(I35,I30) -> 1.0409381e+08 | L36: Variable Cost in Energy - Non-Summer | O36: 0.031415424
C37: =+C36-1 -> -21 | D37: Subtotal 19P Excluding Clean Energy Your Way | G37: =G36+G25+G24+G20+G18+G17 -> 1.5060113e+08 | I37: =I36+I25+I24+I20+I18+I17 -> 1.7276234e+08 | L37: Average Energy Rate - Summer | O37: =(O19-I17-I18-I20-I24-I25-I49)/(SUM(E27:E29)+(SUM(E32:E34))/O26) -> 0.048872329
C38: =+C37-1 -> -22 | D38: Schedule 62 Clean Energy Your Way - Optional | L38: Average Energy Rate - Non-Sumer | O38: =+O37/O26 -> 0.048160536
C39: =+C38-1 -> -23 | D39: Summer Embedded Energy Fixed Cost (June-Sep) | L39: Fixed Cost in Energy - Summer | O39: 0.016993
C40: =+C39-1 -> -24 | D40: On-Peak | E40: 2391843.8 | F40: 0.010012 | G40: =+F40*$E40 -> 23947.141 | H40: 0.016993 | I40: =+H40*$E40 -> 40644.602 | L40: Fixed Cost in Energy - Non-Summer | O40: 0.016745
C41: =+C40-1 -> -25 | D41: Mid-Peak | E41: 5945167.4 | F41: 0.010012 | G41: =+F41*$E41 -> 59523.016 | H41: 0.016993 | I41: =+H41*$E41 -> 101026.23 | L41: Variable Cost in Energy - Summer On-Peak | O41: =+O42*O29 -> 0.049365035
C42: =+C41-1 -> -26 | D42: Off-Peak | E42: 262607.51 | F42: 0.009611 | G42: =+F42*$E42 -> 2523.9208 | H42: 0.016993 | I42: =+H42*$E42 -> 4462.4895 | L42: Variable Cost in Energy - Summer Mid-Peak | O42: =+(O35*E30)/((E29*O30)+(E27*O29)+E28) -> 0.038121765
C43: =+C42-1 -> -27 | D43: Subtotal - Summer Embedded Energy Fixed Cost | E43: =SUM(E40:E42) -> 8599618.7 | F43: =G43/E43 -> 0.0099997546 | G43: =SUM(G40:G42) -> 85994.077 | H43: =I43/E43 -> 0.016993 | I43: =SUM(I40:I42) -> 146133.32 | L43: Variable Cost in Energy - Summer Off-Peak | O43: =+O42*O30 -> 0.026481149
C44: =+C43-1 -> -28 | D44: Non-Summer Embedded Energy Fixed Cost (Oct-May) | L44: Variable Cost in Energy - Non-Summer On-Peak | O44: =+O45*O31 -> 0.037152136
C45: =+C44-1 -> -29 | D45: On-Peak | E45: 3128757.3 | F45: 0.01827 | G45: =+F45*$E45 -> 57162.395 | H45: 0.016745 | I45: =+H45*$E45 -> 52391.04 | L45: Variable Cost in Energy - Non-Summer Mid-Peak | O45: =+(O36*E35)/((E34*O32)+(E32*O31)+E33) -> 0.032299355
C46: =+C45-1 -> -30 | D46: Mid-Peak | E46: 5411634.2 | F46: 0.01813 | G46: =+F46*$E46 -> 98112.928 | H46: 0.016745 | I46: =+H46*$E46 -> 90617.814 | L46: Variable Cost in Energy - Non-Summer Off-Peak | O46: =+O45*O32 -> 0.028844052
C47: =+C46-1 -> -31 | D47: Off-Peak | E47: 1024876.6 | F47: 0.018018 | G47: =+F47*$E47 -> 18466.227 | H47: 0.016745 | I47: =+H47*$E47 -> 17161.559
C48: =+C47-1 -> -32 | D48: Subtotal - Non-Summer Embedded Energy Fixed Cost | E48: =SUM(E45:E47) -> 9565268.1 | F48: =G48/E48 -> 0.018163793 | G48: =SUM(G45:G47) -> 173741.55 | H48: =I48/E48 -> 0.016745 | I48: =SUM(I45:I47) -> 160170.41 | L48: Check vs. Revenue Forecast | O48: 0
C49: =+C48-1 -> -33 | D49: Subtotal - Total Embedded Energy Fixed Cost | E49: =E48+E43 -> 18164887 | G49: =G48+G43 -> 259735.63 | I49: =I48+I43 -> 306303.73
C50: =+C49-1 -> -34 | D50: Transfer Adjustment Revenue | G50: 6511213.3 | L50: Rounding Adjustment | O50: 0
C51: =+C50-1 -> -35 | D51: Total Adjusted Base Revenue | G51: =+SUM(G50,G36,G24:G25,G20,G17:G18,G49) -> 1.5737208e+08 | I51: =+SUM(I50,I36,I24:I25,I20,I17:I18,I49) -> 1.7306864e+08
C53: § END | D53: § | E53: § | F53: § | G53: § | H53: § | I53: END §

Sheet I19T
C3: Idaho Power Company
C4: State of Idaho
C5: Calculation of Proposed Rates
C6: Filed May 30, 2025
C7: IPC-E-25-16
C9: Large Power Service
C10: Schedule 19 Transmission Service
C12: Column | D12: (A) | E12: (B) | F12: (C) | G12: (D) | H12: (E) | I12: (F)
E14: Test Year | F14: Current | G14: Test Year | H14: Proposed | I14: Proposed
C15: Line | E15: Billing | F15: Base | G15: Base | H15: Effective | I15: Effective
C16: No. | D16: Description | E16: Units | F16: Rate | G16: Revenue | H16: Rate | I16: Revenue
C17: -1 | D17: Service Charge | E17: 36 | F17: 415 | G17: =+F17*$E17 -> 14940 | H17: 490 | I17: =+H17*$E17 -> 17640 | L17: =+_xlfn.CONCAT(C9,", ",C10) -> Large Power Service, Schedule 19 Transmission Service
C18: =+C17-1 -> -2 | D18: Minimum Charge | E18: 0 | F18: 50 | G18: =+F18*$E18 -> 0 | H18: 50 | I18: =+H18*$E18 -> 0 | L18: In Adjusted Base Revenue | O18: =+I38 -> 3012658.1
C19: =+C18-1 -> -3 | D19: Basic Charge | L19: Target Adjusted Base Revenue | O19: =+G38*(1+O23) -> 3012659.3
C20: =+C19-1 -> -4 | D20: Total Basic Charge | E20: 74735.94 | F20: 1.87 | G20: =+F20*$E20 -> 139756.21 | H20: 1.72 | I20: =+H20*$E20 -> 128545.82 | L20: D | O20: =+O18-O19 -> -1.2580648
C21: =+C20-1 -> -5 | D21: Demand Charge
C22: =+C21-1 -> -6 | D22: Summer (Jun-Sep) | E22: 23214.76 | F22: 10.2 | G22: =+F22*$E22 -> 236790.55 | H22: 14.18 | I22: =+H22*$E22 -> 329185.29 | L22: Adjusted Base Revenue Change | O22: =+O18/G38-1 -> 0.099741913
C23: =+C22-1 -> -7 | D23: Non-Summer (Oct-May) | E23: 48951.173 | F23: 8.78 | G23: =+F23*$E23 -> 429791.3 | H23: 12.42 | I23: =+H23*$E23 -> 607973.56 | L23: Target Adjusted Base Revenue | O23: 0.099742373
C24: =+C23-1 -> -8 | D24: Total Demand | E24: =+SUM(E22:E23) -> 72165.932 | G24: =+SUM(G22:G23) -> 666581.84 | I24: =+SUM(I22:I23) -> 937158.85 | L24: Season Cost Ratio (Unit Cost Sheet) | O24: =O35/O36 -> 1.0147796
C25: =+C24-1 -> -9 | D25: On-Peak Summer Demand (Jun-Sep) | E25: 18352.44 | F25: 1.59 | G25: =+F25*$E25 -> 29180.38 | H25: 2.07 | I25: =+H25*$E25 -> 37989.551 | L25: Season Energy Rate Differential - Current | O25: =+F30/F35 -> 1.0962432
C26: =+C25-1 -> -10 | D26: Summer Energy (Jun-Sep) | L26: Season Energy Rate Differential - Proposed | O26: =I19S!$O$26 -> 1.0147796
C27: =+C26-1 -> -11 | D27: On-Peak | E27: 1722226.8 | F27: 0.052142 | G27: =+F27*$E27 -> 89800.352 | H27: 0.067062 | I27: =+H27*$E27 -> 115495.98
C28: =+C27-1 -> -12 | D28: Mid-Peak | E28: 2183929.5 | F28: 0.052142 | G28: =+F28*$E28 -> 113874.45 | H28: 0.055665 | I28: =+H28*$E28 -> 121568.44 | L28: TOU Differentials
C29: =+C28-1 -> -13 | D29: Off-Peak | E29: 9142393 | F29: 0.046451 | G29: =+F29*$E29 -> 424673.3 | H29: 0.043865 | I29: =+H29*$E29 -> 401031.07 | L29: Summer On:Mid | O29: 1.2949305
C30: =+C29-1 -> -14 | D30: Subtotal - Summer Energy | E30: =+SUM(E27:E29) -> 13048549 | F30: =+G30/$E30 -> 0.048154633 | G30: =+SUM(G27:G29) -> 628348.1 | H30: =+I30/$E30 -> 0.048901641 | I30: =+SUM(I27:I29) -> 638095.48 | L30: Summer Off:Mid | O30: 0.69464647
C31: =+C30-1 -> -15 | D31: Non-Summer Energy (Oct-May) | L31: Non-Summer On:Mid | O31: 1.1502439
C32: =+C31-1 -> -16 | D32: On-Peak | E32: 5624627.8 | F32: 0.046927 | G32: =+F32*$E32 -> 263946.91 | H32: 0.053955 | I32: =+H32*$E32 -> 303476.79 | L32: Non-Summer Off:Mid | O32: 0.89302253
C33: =+C32-1 -> -17 | D33: Mid-Peak | E33: 5644025.2 | F33: 0.044504 | G33: =+F33*$E33 -> 251181.7 | H33: 0.049099 | I33: =+H33*$E33 -> 277115.99
C34: =+C33-1 -> -18 | D34: Off-Peak | E34: 14737529 | F34: 0.042561 | G34: =+F34*$E34 -> 627243.98 | H34: 0.045641 | I34: =+H34*$E34 -> 672635.57 | L34: Fixed and Variable Costs in Energy (Proposed)
C35: =+C34-1 -> -19 | D35: Subtotal - Non-Summer Energy | E35: =+SUM(E32:E34) -> 26006182 | F35: =+G35/$E35 -> 0.043926962 | G35: =+SUM(G32:G34) -> 1142372.6 | H35: =+I35/$E35 -> 0.048189632 | I35: =+SUM(I32:I34) -> 1253228.4 | L35: Variable Cost in Energy - Summer | O35: 0.031879732
C36: =+C35-1 -> -20 | D36: Subtotal - Total Energy | E36: =+SUM(E35,E30) -> 39054731 | G36: =+SUM(G35,G30) -> 1770720.7 | I36: =+SUM(I35,I30) -> 1891323.8 | L36: Variable Cost in Energy - Non-Summer | O36: 0.031415424
C37: =+C36-1 -> -21 | D37: Transfer Adjustment Revenue | G37: 118243.67 | L37: Average Energy Rate - Summer | O37: =(O19-I17-I18-I20-I24-I25)/(SUM(E27:E29)+(SUM(E32:E34))/O26) -> 0.048901816
C38: =+C37-1 -> -22 | D38: Total Adjusted Base Revenue | G38: =+SUM(G37,G36,G24:G25,G20,G17:G18) -> 2739422.8 | I38: =+SUM(I37,I36,I24:I25,I20,I17:I18) -> 3012658.1 | L38: Average Energy Rate - Non-Sumer | O38: =+O37/O26 -> 0.048189593
L39: Fixed Cost in Energy - Summer | O39: 0.017022
C40: § END | D40: § | E40: § | F40: § | G40: § | H40: § | I40: END § | L40: Fixed Cost in Energy - Non-Summer | O40: 0.016774
L41: Variable Cost in Energy - Summer On-Peak | O41: =+O42*O29 -> 0.050039894
L42: Variable Cost in Energy - Summer Mid-Peak | O42: =+(O35*E30)/((E29*O30)+(E27*O29)+E28) -> 0.03864292
L43: Variable Cost in Energy - Summer Off-Peak | O43: =+O42*O30 -> 0.026843168
L44: Variable Cost in Energy - Non-Summer On-Peak | O44: =+O45*O31 -> 0.037181257
L45: Variable Cost in Energy - Non-Summer Mid-Peak | O45: =+(O36*E35)/((E34*O32)+(E32*O31)+E33) -> 0.032324672
L46: Variable Cost in Energy - Non-Summer Off-Peak | O46: =+O45*O32 -> 0.02886666
L48: Check vs. Revenue Forecast | O48: 0
L50: Rounding Adjustment | O50: 0

Sheet I24S
C3: Idaho Power Company
C4: State of Idaho
C5: Calculation of Proposed Rates
C6: Filed May 30, 2025
C7: IPC-E-25-16
C9: Agricultural Irrigation Service
C10: Schedule 24 Secondary Service
C12: Column | D12: (A) | E12: (B) | F12: (C) | G12: (D) | H12: (E) | I12: (F)
E14: Test Year | F14: Current | G14: Test Year | H14: Proposed | I14: Proposed
C15: Line | E15: Billing | F15: Base | G15: Base | H15: Effective | I15: Effective
C16: No. | D16: Description | E16: Units | F16: Rate | G16: Revenue | H16: Rate | I16: Revenue
C17: -1 | D17: Current Season - Meter Read Cycle | L17: =+_xlfn.CONCAT(C9,", ",C10) -> Agricultural Irrigation Service, Schedule 24 Secondary Service
C18: =+C17-1 -> -2 | D18: Service Charge In-Season | E18: 78563.5 | F18: 30 | G18: =+F18*$E18 -> 2356905 | L18: In Adjusted Base Revenue | O18: =+I40 -> 2.0982341e+08
C19: =+C18-1 -> -3 | D19: Service Charge Out-of-Season | E19: 158480 | F19: 6 | G19: =+F19*$E19 -> 950880 | L19: Target Adjusted Base Revenue | O19: =+G40*(1+O23) -> 2.0982365e+08
C20: =+C19-1 -> -4 | D20: Minimum Charge | E20: 538.28667 | F20: 3 | G20: =+F20*$E20 -> 1614.86 | L20: D | O20: =+O18-O19 -> -241.517
C21: =+C20-1 -> -5 | D21: Demand Charge (Current Season)
C22: =+C21-1 -> -6 | D22: In-Season | E22: 3891290.1 | F22: 15.06 | G22: =+F22*$E22 -> 58602829 | L22: Adjusted Base Revenue Change | O22: =+O18/G40-1 -> 0.170189
C23: =+C22-1 -> -7 | D23: Out-of-Season | E23: 0 | F23: 0 | G23: =+F23*$E23 -> 0 | L23: Target Adjusted Base Revenue | O23: 0.17019035
C24: =+C23-1 -> -8 | D24: Energy Charge (Current Season) | L24: Season Energy Rate Differential - Current | O24: =+F25/F26 -> 0.85069324
C25: =+C24-1 -> -9 | D25: In-Season | E25: 1.4417173e+09 | F25: 0.061295 | G25: =+F25*$E25 -> 88370060 | L25: Season Energy Rate Differential - Unit Cost Sheet | O25: 0.89971321
C26: =+C25-1 -> -10 | D26: Out-of-Season | E26: 3.2844678e+08 | F26: 0.072053 | G26: =+F26*$E26 -> 23665576 | L26: Season Energy Rate Differential - Proposed | O26: =O25 -> 0.89971321
C27: =+C26-1 -> -11 | D27: Total Energy | E27: =+SUM(E25:E26) -> 1.7701641e+09 | G27: =+SUM(G25:G26) -> 1.1203564e+08
C28: =+C27-1 -> -12 | D28: Proposed Season - Calendar Month
C29: =+C28-1 -> -13 | D29: Service Charge In-Season | E29: 78563.5 | H29: 35 | I29: =+H29*$E29 -> 2749722.5
C30: =+C29-1 -> -14 | D30: Service Charge Out-of-Season | E30: 158480 | H30: 9 | I30: =+H30*$E30 -> 1426320
C31: =+C30-1 -> -15 | D31: Minimum Charge | E31: 538.28667 | H31: 3 | I31: =+H31*$E31 -> 1614.86
C32: =+C31-1 -> -16 | D32: Demand Charge (Proposed Season)
C33: =+C32-1 -> -17 | D33: In-Season | E33: 3790953 | H33: 18.75 | I33: =+H33*$E33 -> 71080369
C34: =+C33-1 -> -18 | D34: Out-of-Season | E34: 0 | H34: =+F23 -> 0 | I34: =+H34*$E34 -> 0
C35: =+C34-1 -> -19 | D35: Energy Charge (Proposed Season)
C36: =+C35-1 -> -20 | D36: In-Season | E36: 1.3986855e+09 | H36: 0.074279 | I36: =+H36*$E36 -> 1.0389296e+08
C37: =+C36-1 -> -21 | D37: Out-of-Season | E37: 3.7152575e+08 | H37: 0.082558 | I37: =+H37*$E37 -> 30672423
C38: =+C37-1 -> -22 | D38: Total Energy | E38: =+SUM(E36:E37) -> 1.7702113e+09 | I38: =+SUM(I36:I37) -> 1.3456539e+08
C39: =+C38-1 -> -23 | D39: Transfer Adjustment Revenue | G39: 5359419.6
C40: =+C39-1 -> -24 | D40: Total Adjusted Base Revenue | G40: =+SUM(G18:G20,G22:G23,G27,G39) -> 1.7930728e+08 | I40: =+SUM(I29:I31,I33:I34,I36:I37,I39) -> 2.0982341e+08 | L40: Check vs. Revenue Forecast | O40: 0
C42: § END | D42: § | E42: § | F42: § | G42: § | H42: § | I42: END § | L42: Rounding Adjustment | O42: -1e-06

Sheet I24T
C3: Idaho Power Company
C4: State of Idaho
C5: Calculation of Proposed Rates
C6: Filed May 30, 2025
C7: IPC-E-25-16
C9: Agricultural Irrigation Service
C10: Schedule 24 Transmission Service
C12: Column | D12: (A) | E12: (B) | F12: (C) | G12: (D) | H12: (E) | I12: (F)
E14: Test Year | F14: Current | G14: Test Year | H14: Proposed | I14: Proposed
C15: Line | E15: Billing | F15: Base | G15: Base | H15: Effective | I15: Effective
C16: No. | D16: Description | E16: Units | F16: Rate | G16: Revenue | H16: Rate | I16: Revenue
C17: -1 | D17: Service Charge In-Season | E17: 0 | F17: 415 | G17: =+F17*$E17 -> 0 | H17: =+I19T!H17 -> 490 | I17: =+H17*$E17 -> 0 | L17: =+_xlfn.CONCAT(C9,", ",C10) -> Agricultural Irrigation Service, Schedule 24 Transmission Service
C18: =+C17-1 -> -2 | D18: Service Charge Out-of-Season | E18: 0 | F18: 6 | G18: =+F18*$E18 -> 0 | H18: =+I24S!H30 -> 9 | I18: =+H18*$E18 -> 0 | L18: In Adjusted Base Revenue | O18: =+I28 -> 0
C19: =+C18-1 -> -3 | D19: Minimum Charge | E19: 0 | F19: 3 | G19: =+F19*$E19 -> 0 | H19: =+I24S!H31 -> 3 | I19: =+H19*$E19 -> 0 | L19: Target Adjusted Base Revenue | O19: =+G28*(1+O23) -> 0
C20: =+C19-1 -> -4 | D20: Demand Charge | L20: D | O20: =+O18-O19 -> 0
C21: =+C20-1 -> -5 | D21: In-Season | E21: 0 | F21: 13.92 | G21: =+F21*$E21 -> 0 | H21: 17.33 | I21: =+H21*$E21 -> 0
C22: =+C21-1 -> -6 | D22: Out-of-Season | E22: 0 | F22: 0 | G22: =+F22*$E22 -> 0 | L22: Adjusted Base Revenue Change | O22: =+IFERROR(O18/G28-1,0) -> 0
C23: =+C22-1 -> -7 | D23: Energy Charge | L23: Target Adjusted Base Revenue | O23: 0
C24: =+C23-1 -> -8 | D24: In-Season | E24: 0 | F24: 0.057529 | G24: =+F24*$E24 -> 0 | H24: 0.069715 | I24: =+H24*$E24 -> 0
C25: =+C24-1 -> -9 | D25: Out-of-Season | E25: 0 | F25: 0.067352 | G25: =+F25*$E25 -> 0 | H25: 0.077172 | I25: =+H25*$E25 -> 0 | L25: Demand Charge Change | O25: =I24S!H33/I24S!F22-1 -> 0.24501992
C26: =+C25-1 -> -10 | D26: Total Energy | E26: =+SUM(E24:E25) -> 0 | G26: =+SUM(G24:G25) -> 0 | I26: =+SUM(I24:I25) -> 0 | L26: In-Season Energy Charge Change | O26: =+I24S!H36/I24S!F25-1 -> 0.21182804
C27: =+C26-1 -> -11 | D27: Transfer Adjustment Revenue | G27: 0 | L27: Out-of-Season Energy Charge Change | O27: =+I24S!H37/I24S!F26-1 -> 0.14579546
C28: =+C27-1 -> -12 | D28: Total Adjusted Base Revenue | G28: =+SUM(G17:G19,G21:G22,G26,G27) -> 0 | I28: =+SUM(I17:I19,I21:I22,I26,I27) -> 0
C30: § END | D30: § | E30: § | F30: § | G30: § | H30: § | I30: END §

Sheet I15
C3: Idaho Power Company
C4: State of Idaho
C5: Calculation of Proposed Rates
C6: Filed May 30, 2025
C7: IPC-E-25-16
C9: Dusk to Dawn Customer Lighting
C10: Schedule 15
C12: Column | D12: (A) | E12: (B) | F12: (C) | G12: (D) | H12: (E) | I12: (F)
F14: Current | G14: Test Year | H14: Proposed | I14: Proposed
C15: Line | E15: Annual | F15: Base | G15: Base | H15: Effective | I15: Effective
C16: No. | D16: Description | E16: Lamps | F16: Rate | G16: Revenue | H16: Rate | I16: Revenue
C17: -1 | D17: Lamps | L17: =+_xlfn.CONCAT(C9,", ",C10) -> Dusk to Dawn Customer Lighting, Schedule 15
C18: =+C17-1 -> -2 | D18: Area Lighting | L18: In Adjusted Base Revenue | O18: =I29 -> 1430663.9
C19: =+C18-1 -> -3 | D19: 40 Watt Max | E19: 88275.84 | F19: 9.82 | G19: =E19*F19 -> 866868.75 | H19: 11.17 | I19: =E19*H19 -> 986041.13 | L19: Target Adjusted Base Revenue | O19: =G29*(1+O24) -> 1430757
C20: =+C19-1 -> -4 | D20: 85 Watt Max | E20: 9549.465 | F20: 11.95 | G20: =E20*F20 -> 114116.11 | H20: 11.89 | I20: =E20*H20 -> 113543.14 | L20: D | O20: =+O18-O19 -> -93.08059
C21: =+C20-1 -> -5 | D21: 200 Watt Max | E21: 1791.844 | F21: 17.27 | G21: =E21*F21 -> 30945.146 | H21: 14.73 | I21: =E21*H21 -> 26393.862
C22: =+C21-1 -> -6 | D22: Subtotal - Lamps | G22: =+SUM(G19:G21) -> 1011930
C23: =+C22-1 -> -7 | D23: Flood Lighting | L23: Adjusted Base Revenue Change | O23: =+O18/$G$29-1 -> 0.039207084
C24: =+C23-1 -> -8 | D24: 85 Watt Max | E24: 15892.918 | F24: 19.5 | G24: =E24*F24 -> 309911.9 | H24: 16.49 | I24: =E24*H24 -> 262074.22 | L24: Target Adjusted Base Revenue | O24: 0.039274696
C25: =+C24-1 -> -9 | D25: 150 Watt Max | E25: 933.14 | F25: 21.47 | G25: =E25*F25 -> 20034.516 | H25: 17.43 | I25: =E25*H25 -> 16264.63
C26: =+C25-1 -> -10 | D26: 300 Watt Max | E26: 1145.022 | F26: 25.28 | G26: =E26*F26 -> 28946.156 | H26: 23.01 | I26: =E26*H26 -> 26346.956
C27: =+C26-1 -> -11 | D27: Subtotal - Lamps | G27: =+SUM(G24:G26) -> 358892.57
C28: =+C27-1 -> -12 | D28: Transfer Adjustment Revenue | G28: 5865.4407
C29: =+C28-1 -> -13 | D29: Total Adjusted Base Revenue | G29: =SUM(G27,G22,G28) -> 1376688 | I29: =SUM(I24:I26,I19:I21) -> 1430663.9 | L29: Check vs Revenue Forecast | O29: 0
C31: § END | D31: § | E31: § | F31: § | G31: § | H31: § | I31: END § | L31: Rounding Adjustment | O31: -0.03

Sheet I40
C3: Idaho Power Company
C4: State of Idaho
C5: Calculation of Proposed Rates
C6: Filed May 30, 2025
C7: IPC-E-25-16
C9: Non-Metered General Service
C10: Schedule 40
C12: Column | D12: (A) | E12: (B) | F12: (C) | G12: (D) | H12: (E) | I12: (F)
E14: Test Year | F14: Current | G14: Test Year | H14: Proposed | I14: Proposed
C15: Line | E15: Billing | F15: Base | G15: Base | H15: Effective | I15: Effective
C16: No. | D16: Description | E16: Units | F16: Rate | G16: Revenue | H16: Rate | I16: Revenue
C17: -1 | D17: Service Charge | E17: 22284 | F17: 0 | G17: =+F17*$E17 -> 0 | H17: 0 | I17: =+H17*$E17 -> 0 | L17: =+_xlfn.CONCAT(C9,", ",C10) -> Non-Metered General Service, Schedule 40
C18: =+C17-1 -> -2 | D18: Minimum Bills | E18: 1384.96 | F18: 2 | G18: =+F18*$E18 -> 2769.92 | H18: =F18+O27 -> 2 | I18: =+H18*$E18 -> 2769.92 | L18: In Adjusted Base Revenue | O18: =I22 -> 1619004.3
C19: =+C18-1 -> -3 | D19: Total Energy | E19: 14484473 | F19: 0.100058 | G19: =+F19*$E19 -> 1449287.4 | H19: 0.111557 | I19: =+H19*$E19 -> 1615844.4 | L19: Target Adjusted Base Revenue | O19: =G22*(1+O23) -> 1619007.7
C20: =+C19-1 -> -4 | D20: Intermittent Usage | E20: 156 | F20: 2 | G20: =+F20*$E20 -> 312 | H20: =F20+O28 -> 2.5 | I20: =+H20*$E20 -> 390 | L20: D | O20: =+O18-O19 -> -3.3938466
C21: =+C20-1 -> -5 | D21: Transfer Adjustment Revenue | G21: 43853.771
C22: =+C21-1 -> -6 | D22: Total Adjusted Base Revenue | G22: =SUM(G17:G21) -> 1496223.1 | I22: =SUM(I17:I21) -> 1619004.3 | L22: Adjusted Base Revenue Change | O22: =+O18/$G$22-1 -> 0.082060747
L23: Target Adjusted Base Revenue | O23: 0.082063015
C24: § END | D24: § | E24: § | F24: § | G24: § | H24: § | I24: END §
L25: Check vs Revenue Forecast | O25: 0
L27: Minimum Bill Adjustment | O27: 0
L28: Intermittent Usage Adj | O28: 0.5
L30: Rounding Adjustment | O30: 0

Sheet I41
C3: Idaho Power Company
C4: State of Idaho
C5: Calculation of Proposed Rates
C6: Filed May 30, 2025
C7: IPC-E-25-16
C9: Street Lighting Service
C10: Schedule 41 - Summary
C12: Column | D12: (A) | E12: (B) | F12: (C) | G12: (D)
F14: Test Year | G14: Proposed
C15: Line | E15: Test Year | F15: Base | G15: Effective
C16: No. | D16: Description | E16: Usage | F16: Revenue | G16: Revenue
C17: 0 | L17: =+_xlfn.CONCAT(C9,", ",C10) -> Street Lighting Service, Schedule 41 - Summary
C18: -1 | D18: A - Company-Owned, Non-Metered, Maintenance | E18: 2275478.2 | F18: =G42 -> 2603947.4 | G18: =I42 -> 3340555.1 | L18: In Adjusted Base Revenue | O18: =+G23 -> 4160807.1
C19: =C18-1 -> -2 | D19: C - Customer-Owned, Non-Metered, No Maintenance | E19: =E54 -> 11659258 | F19: =G56 -> 791780.21 | G19: =I54 -> 504740.94 | L19: Target Adjusted Base Revenue | O19: =F23*(1+O23) -> 4160823.9
C20: =C19-1 -> -3 | D20: CM - Customer-Owned, Metered, No Maintenance | E20: =E67 -> 6484878 | F20: =G69 -> 546033.47 | G20: =I69 -> 315511.01 | L20: D | O20: =+O18-O19 -> -16.843273
C21: =C20-1 -> -4 | D21: Total kWh | E21: =SUM(E18:E20) -> 20419614
C22: =C21-1 -> -5 | D22: Transfer Adjustment Revenue | F22: 61823.242 | L22: Adjusted Base Revenue Change | O22: =+O18/$F$23-1 -> 0.039270489
C23: =C22-1 -> -6 | D23: Total Adjusted Base Revenue | F23: =SUM(F18:F22) -> 4003584.4 | G23: =SUM(G18:G22) -> 4160807.1 | L23: Target Adjusted Base Revenue | O23: 0.039274696
C25: § END | D25: § | E25: § | F25: § | G25: § | H25: § | I25: END §
C26: A - Company-Owned, Non-Metered, Maintenance | L26: Check vs Revenue Forecast | O26: 0
C28: Column | D28: (A) | E28: (B) | F28: (C) | G28: (D) | H28: (E) | I28: (F)
F30: Current | G30: Test Year | H30: Proposed | I30: Proposed
C31: Line | E31: Annual | F31: Base | G31: Base | H31: Effective | I31: Effective
C32: No. | D32: Description | E32: Lamps | F32: Rate | G32: Revenue | H32: Rate | I32: Revenue
C34: =C23-1 -> -7 | D34: LED Fixture
C35: =C34-1 -> -8 | D35: 40W Max | E35: 181437.2 | F35: 12.3 | G35: =E35*F35 -> 2231677.6 | H35: 15.975556 | I35: =E35*H35 -> 2898560.1
C36: =C35-1 -> -9 | D36: 85W Max | E36: 20240.404 | F36: 14.31 | G36: =E36*F36 -> 289640.18 | H36: 17.291194 | I36: =E36*H36 -> 349980.75
C37: =C36-1 -> -10 | D37: 140W Max | E37: 2674.103 | F37: 16.43 | G37: =E37*F37 -> 43935.512 | H37: 18.815303 | I37: =E37*H37 -> 50314.058
C38: =C37-1 -> -11 | D38: 200W Max | E38: 1680.159 | F38: 20.44 | G38: =E38*F38 -> 34342.45 | H38: 21.931449 | I38: =E38*H38 -> 36848.321
C39: =C38-1 -> -12 | D39: Total LED | E39: =SUM(E35:E38) -> 206031.87 | G39: =SUM(G35:G38) -> 2599595.7 | I39: =SUM(I35:I38) -> 3335703.3
C41: =C39-1 -> -13 | D41: Non-Metered - Variable Energy Use | E41: 43492.081 | F41: 0.100058 | G41: =E41*F41 -> 4351.7306 | H41: 0.111557 | I41: =H41*E41 -> 4851.8461
C42: =C41-1 -> -14 | D42: A - Company-Owned, Non-Metered, Maintenance | G42: =G39+G41 -> 2603947.4 | I42: =I41+I39 -> 3340555.1
I44: NM Adj
I45: =I41/E39 -> 0.023549008
C47: C - Customer-Owned, Non-Metered, No Maintenance
F49: Current | G49: Test Year | H49: Proposed | I49: Proposed
C50: Line | E50: Test Year | F50: Base | G50: Base | H50: Effective | I50: Effective
C51: No. | D51: Description | E51: Usage | F51: Rate | G51: Revenue | H51: Rate | I51: Revenue
C52: 0
C53: =C42-1 -> -15 | D53: Energy Charge
C54: =C53-1 -> -16 | D54: Per kWh | E54: 11659258 | F54: 0.06791 | G54: =E54*F54 -> 791780.21 | H54: 0.043291 | I54: =E54*H54 -> 504740.94
C56: =C54-1 -> -17 | D56: C - Customer-Owned, Non-Metered, No Maintenance | G56: =SUM(G54) -> 791780.21 | I56: =I54 -> 504740.94
C58: CM - Customer-Owned, Metered, No Maintenance
F60: Current | G60: Test Year | H60: Proposed | I60: Proposed
C61: Line | E61: Test Year | F61: Base | G61: Base | H61: Effective | I61: Effective
C62: No. | D62: Description | E62: Usage | F62: Rate | G62: Revenue | H62: Rate | I62: Revenue
C63: 0
C64: =C56-1 -> -18 | D64: Service Charge per Meter | E64: 18899 | F64: 5.59 | G64: =E64*F64 -> 105645.41 | H64: 1.84 | I64: =E64*H64 -> 34774.16
C66: =C64-1 -> -19 | D66: Energy Charge
C67: =C66-1 -> -20 | D67: Per kWh | E67: 6484878 | F67: 0.06791 | G67: =E67*F67 -> 440388.06 | H67: 0.043291 | I67: =E67*H67 -> 280736.85
C69: =C67-1 -> -21 | D69: CM - Customer-Owned, Metered, No Maintenance | G69: =SUM(G64:G67) -> 546033.47 | I69: =SUM(I64:I67) -> 315511.01
C71: § END | D71: § | E71: § | F71: § | G71: § | H71: § | I71: END §

Sheet I42
C3: Idaho Power Company
C4: State of Idaho
C5: Calculation of Proposed Rates
C6: Filed May 30, 2025
C7: IPC-E-25-16
C9: Traffic Control Signal Lighting Service
C10: Schedule 42
C12: Column | D12: (A) | E12: (B) | F12: (C) | G12: (D) | H12: (E) | I12: (F)
E14: Test Year | F14: Current | G14: Test Year | H14: Proposed | I14: Proposed
C15: Line | E15: Billing | F15: Base | G15: Base | H15: Effective | I15: Effective
C16: No. | D16: Description | E16: Units | F16: Rate | G16: Revenue | H16: Rate | I16: Revenue
C17: -1 | D17: Service Charge | E17: 10308 | F17: 0 | G17: =+F17*$E17 -> 0 | H17: =+F17 -> 0 | I17: =+H17*$E17 -> 0 | L17: =+_xlfn.CONCAT(C9,", ",C10) -> Traffic Control Signal Lighting Service, Schedule 42
C18: =+C17-1 -> -2 | D18: Total Energy | E18: 3056155 | F18: 0.078462 | G18: =+F18*$E18 -> 239792.03 | H18: 0.095358 | I18: =+H18*$E18 -> 291428.83 | L18: In Adjusted Base Revenue | O18: =I20 -> 291428.83
C19: =+C18-1 -> -3 | D19: Transfer Adjustment Revenue | G19: 9252.9374 | L19: Target Adjusted Base Revenue | O19: =G20*(1+O23) -> 291430.02
C20: =+C19-1 -> -4 | D20: Total Adjusted Base Revenue | G20: =SUM(G17:G19) -> 249044.97 | I20: =SUM(I17:I19) -> 291428.83 | L20: D | O20: =+O18-O19 -> -1.1933063
C22: § END | D22: § | E22: § | F22: § | G22: § | H22: § | I22: END § | L22: Adjusted Base Revenue Change | O22: =+O18/$G$20-1 -> 0.17018556
L23: Target Adjusted Base Revenue | O23: 0.17019035
L25: Check vs Revenue Forecast | O25: 0
L27: Rounding Adjustment | O27: 0

Sheet I26
C3: Idaho Power Company
C4: State of Idaho
C5: Calculation of Proposed Rates
C6: Filed May 30, 2025
C7: IPC-E-25-16
C9: Micron Technology, Inc.
C10: Schedule 26
C12: Column | D12: (A) | E12: (B) | F12: (C) | G12: (D) | H12: (E) | I12: (F)
E14: Test Year | F14: Current | G14: Test Year | H14: Proposed | I14: Proposed | L14: =+_xlfn.CONCAT(C9,", ",C10) -> Micron Technology, Inc., Schedule 26
C15: Line | E15: Billing | F15: Base | G15: Base | H15: Effective | I15: Effective | L15: In Adjusted Base Revenue | O15: =+I23 -> 44832208
C16: No. | D16: Description | E16: Units | F16: Rate | G16: Revenue | H16: Rate | I16: Revenue | L16: Target Adjusted Base Revenue | O16: =+G23*(1+O20) -> 44832782
C17: -1 | D17: Contract Demand | E17: 1062000 | F17: 3.37 | G17: =+F17*$E17 -> 3578940 | H17: 3.12 | I17: =+H17*$E17 -> 3313440 | L17: D | O17: =+O15-O16 -> -573.60852
C18: =+C17-1 -> -2 | D18: Billing Demand | E18: 1027098.2 | F18: 17.83 | G18: =+F18*$E18 -> 18313161 | H18: 23.35 | I18: =+H18*$E18 -> 23982743
C19: =+C18-1 -> -3 | D19: Excess Demand | E19: 0 | F19: 1.288 | G19: =+F19*$E19 -> 0 | H19: 1.248 | I19: =+H19*$E19 -> 0 | L19: Adjusted Base Revenue Change | O19: =+IFERROR(O15/G23-1,0) -> 0.039261399
C20: =+C19-1 -> -4 | D20: Embedded Energy Fixed Cost | E20: 0 | F20: 0 | G20: =+F20*$E20 -> 0 | H20: 0 | I20: =+H20*$E20 -> 0 | L20: Target Adjusted Base Revenue | O20: 0.039274696
C21: =+C20-1 -> -5 | D21: Total Energy | E21: 6.3570873e+08 | F21: 0.030394 | G21: =+F21*$E21 -> 19321731 | H21: 0.027585 | I21: =+H21*$E21 -> 17536025
C22: =+C21-1 -> -6 | D22: Transfer Adjustment Revenue | G22: 1924697.2 | L22: Contract Demand Charge | O22: 3.12
C23: =+C22-1 -> -7 | D23: Total Adjusted Base Revenue | G23: =SUM(G17:G22) -> 43138529 | I23: =SUM(I17:I22) -> 44832208
L24: Production Energy Costs | O24: 17455772
C25: § END | D25: § | E25: § | F25: § | G25: § | H25: § | I25: END § | L25: Transmission Energy Costs | O25: 0
L26: Distribution Energy Costs | O26: 0
L27: Customer Energy Costs | O27: 79299.837
L28: Total Energy Costs | O28: =SUM(O24:O27) -> 17535072
L30: Check vs Revenue Forecast | O30: 0
L32: Rounding Adjustment | O32: 2e-06

Sheet I29
C3: Idaho Power Company
C4: State of Idaho
C5: Calculation of Proposed Rates
C6: Filed May 30, 2025
C7: IPC-E-25-16
C9: J.R. Simplot Company - Pocatello
C10: Schedule 29
C12: Column | D12: (A) | E12: (B) | F12: (C) | G12: (D) | H12: (E) | I12: (F)
E14: Test Year | F14: Current | G14: Test Year | H14: Proposed | I14: Proposed | L14: =+_xlfn.CONCAT(C9,", ",C10) -> J.R. Simplot Company - Pocatello, Schedule 29
C15: Line | E15: Billing | F15: Base | G15: Base | H15: Effective | I15: Effective | L15: In Adjusted Base Revenue | O15: =+I22 -> 13593987
C16: No. | D16: Description | E16: Units | F16: Rate | G16: Revenue | H16: Rate | I16: Revenue | L16: Target Adjusted Base Revenue | O16: =+G22*(1+O20) -> 13594027
C17: -1 | D17: Contract Demand | E17: 300000 | F17: 3.25 | G17: =+F17*$E17 -> 975000 | H17: 3.12 | I17: =+H17*$E17 -> 936000 | L17: D | O17: =+O15-O16 -> -40.32906
C18: =+C17-1 -> -2 | D18: Billing Demand | E18: 330991.83 | F18: 14.8 | G18: =+F18*$E18 -> 4898679.1 | H18: 18.55 | I18: =+H18*$E18 -> 6139898.4
C19: =+C18-1 -> -3 | D19: Excess Demand | E19: 0 | F19: 1.267 | G19: =+F19*$E19 -> 0 | H19: 1.248 | I19: =+H19*$E19 -> 0 | L19: Adjusted Base Revenue Change | O19: =+IFERROR(O15/G22-1,0) -> 0.039271613
C20: =+C19-1 -> -4 | D20: Total Energy | E20: 2.1175e+08 | F20: 0.031006 | G20: =+F20*$E20 -> 6565520.5 | H20: 0.030782 | I20: =+H20*$E20 -> 6518088.5 | L20: Target Adjusted Base Revenue | O20: 0.039274696
C21: =+C20-1 -> -5 | D21: Transfer Adjustment Revenue | G21: 641102.79
C22: =+C21-1 -> -6 | D22: Total Adjusted Base Revenue | G22: =SUM(G17:G21) -> 13080302 | I22: =SUM(I17:I21) -> 13593987 | L22: Contract Demand Charge | O22: 3.12
C24: § END | D24: § | E24: § | F24: § | G24: § | H24: § | I24: END § | L24: Production Energy Costs | O24: 6492173.8
L25: Transmission Energy Costs | O25: 0
L26: Distribution Energy Costs | O26: 0
L27: Customer Energy Costs | O27: 26414.205
L28: Total Energy Costs | O28: =SUM(O24:O27) -> 6518588
L30: Check vs Revenue Forecast | O30: 0
L32: Rounding Adjustment | O32: -2e-06

Sheet I30
C3: Idaho Power Company
C4: State of Idaho
C5: Calculation of Proposed Rates
C6: Filed May 30, 2025
C7: IPC-E-25-16
C9: United States Department of Energy
C10: Schedule 30
C12: Column | D12: (A) | E12: (B) | F12: (C) | G12: (D) | H12: (E) | I12: (F)
E14: Test Year | F14: Current | G14: Test Year | H14: Proposed | I14: Proposed | L14: =+_xlfn.CONCAT(C9,", ",C10) -> United States Department of Energy, Schedule 30
C15: Line | E15: Billing | F15: Base | G15: Base | H15: Effective | I15: Effective | L15: In Adjusted Base Revenue | O15: =+I22 -> 15991581
C16: No. | D16: Description | E16: Units | F16: Rate | G16: Revenue | H16: Rate | I16: Revenue | L16: Target Adjusted Base Revenue | O16: =+G22*(1+O20) -> 15991675
C17: -1 | D17: Contract Demand | L17: D | O17: =+O15-O16 -> -93.843771
C18: =+C17-1 -> -2 | D18: Billing Demand | E18: 434422.08 | F18: 10.17 | G18: =+F18*$E18 -> 4418072.5 | H18: 19.8 | I18: =+H18*$E18 -> 8601557.1
C19: =+C18-1 -> -3 | D19: Excess Demand | L19: Adjusted Base Revenue Change | O19: =+IFERROR(O15/G22-1,0) -> 0.039268597
C20: =+C19-1 -> -4 | D20: Total Energy | E20: 2.41e+08 | F20: 0.042488 | G20: =+F20*$E20 -> 10239608 | H20: 0.030664 | I20: =+H20*$E20 -> 7390024 | L20: Target Adjusted Base Revenue | O20: 0.039274696
C21: =+C20-1 -> -5 | D21: Transfer Adjustment Revenue | G21: 729661.26
C22: =+C21-1 -> -6 | D22: Total Adjusted Base Revenue | G22: =SUM(G17:G21) -> 15387342 | I22: =SUM(I17:I21) -> 15991581 | L22: Production Energy Costs | O22: 7358386.7
L23: Transmission Energy Costs | O23: 0
C24: § END | D24: § | E24: § | F24: § | G24: § | H24: § | I24: END § | L24: Distribution Energy Costs | O24: 0
L25: Customer Energy Costs | O25: 30062.92
L26: Total Energy Costs | O26: =SUM(O22:O25) -> 7388449.6
L28: Check vs Revenue Forecast | O28: 0
L30: Rounding Adjustment | O30: 7e-06

Sheet I32
C3: Idaho Power Company
C4: State of Idaho
C5: Calculation of Proposed Rates
C6: Filed May 30, 2025
C7: IPC-E-25-16
C9: J.R. Simplot Company - Caldwell
C10: Schedule 32
C12: Column | D12: (A) | E12: (B) | F12: (C) | G12: (D) | H12: (E) | I12: (F)
E14: Test Year | F14: Current | G14: Test Year | H14: Proposed | I14: Proposed | L14: =+_xlfn.CONCAT(C9,", ",C10) -> J.R. Simplot Company - Caldwell, Schedule 32
C15: Line | E15: Billing | F15: Base | G15: Base | H15: Effective | I15: Effective | L15: In Adjusted Base Revenue | O15: =+I30 -> 11197023
C16: No. | D16: Description | E16: Units | F16: Rate | G16: Revenue | H16: Rate | I16: Revenue | L16: Target Adjusted Base Revenue | O16: =+G30*(1+O20) -> 11197060
C17: -1 | D17: Contract Demand | L17: D | O17: =+O15-O16 -> -37.674075
C18: =+C17-1 -> -2 | D18: Summer | E18: 100000 | F18: 3.3 | G18: =+F18*$E18 -> 330000 | H18: 3.12 | I18: =+H18*$E18 -> 312000
C19: =+C18-1 -> -3 | D19: Non-Summer | E19: 200000 | F19: 3.3 | G19: =+F19*$E19 -> 660000 | H19: 3.12 | I19: =+H19*$E19 -> 624000 | L19: Adjusted Base Revenue Change | O19: =+IFERROR(O15/G30-1,0) -> 0.039271199
C20: =+C19-1 -> -4 | D20: Billing Demand | L20: Target Adjusted Base Revenue | O20: 0.039274696
C21: =+C20-1 -> -5 | D21: Summer | E21: 87426.209 | F21: 19.6 | G21: =+F21*$E21 -> 1713553.7 | H21: 23.99 | I21: =+H21*$E21 -> 2097354.7
C22: =+C21-1 -> -6 | D22: Non-Summer | E22: 163125.64 | F22: 16.2 | G22: =+F22*$E22 -> 2642635.3 | H22: 20.39 | I22: =+H22*$E22 -> 3326131.8 | L22: Check vs Revenue Forecast | O22: 0
C23: =+C22-1 -> -7 | D23: Excess Demand
C24: =+C23-1 -> -8 | D24: Summer | E24: 0 | F24: 1.293 | G24: =+F24*$E24 -> 0 | H24: 1.248 | I24: =+H24*$E24 -> 0 | L24: Contract Demand Charge | O24: 3.12
C25: =+C24-1 -> -9 | D25: Non-Summer | E25: 0 | F25: 1.293 | G25: =+F25*$E25 -> 0 | H25: 1.248 | I25: =+H25*$E25 -> 0
C26: =+C25-1 -> -10 | D26: Energy | L26: Unit Costs & Calculations
C27: =+C26-1 -> -11 | D27: Summer | E27: 54274353 | F27: 0.030405 | G27: =+F27*$E27 -> 1650211.7 | H27: 0.031464 | I27: =+H27*$E27 -> 1707688.2 | N27: CCOS Dollars | O27: KWH | P27: Price per kWH | Q27: % of CCOS by season
C28: =+C27-1 -> -12 | D28: Non-Summer | E28: 1.0072565e+08 | F28: 0.032844 | G28: =+F28*$E28 -> 3308233.2 | H28: 0.031073 | I28: =+H28*$E28 -> 3129848 | L28: Production | M28: Demand - S | N28: 1679780.1 | Q28: =N28/(N28+N29) -> 0.38666516
C29: =+C28-1 -> -13 | D29: Transfer Adjustment Revenue | G29: 469284.21 | M29: Demand - NS | N29: 2664495.6 | Q29: =N29/(N28+N29) -> 0.61333484
C30: =+C29-1 -> -14 | D30: Total Adjusted Base Revenue | G30: =SUM(G18:G29) -> 10773918 | I30: =SUM(I18:I29) -> 11197023 | M30: Energy - S | N30: 1700760.5 | O30: 54274353 | P30: =N30/O30 -> 0.031336356 | Q30: =N30/(N30+N31) -> 0.35299448
M31: Energy - NS | N31: 3117333.2 | O31: 1.0072565e+08 | P31: =N31/O31 -> 0.030948754 | Q31: =N31/(N30+N31) -> 0.64700552
C32: § END | D32: § | E32: § | F32: § | G32: § | H32: § | I32: END §
L33: Transmission | M33: Demand | N33: 831291.05
L35: Distribution | M35: Demand | N35: 404705.8
M36: Customer | N36: 8927.6493
L38: Customer | M38: Customer | N38: 790.60237
M39: Demand | N39: 0 | O39: Total KWH | P39: Price per kWH | Q39: Summer Allocation | R39: Non Summer Allocation
M40: Energy | N40: 19335.073 | O40: =SUM(O30:O31) -> 155000000 | P40: =N40/O40 -> 0.00012474241 | Q40: =N40*Q30 -> 6825.174 | R40: =N40*Q31 -> 12509.899
M41: Misc | N41: -191108.01
L43: Total | N43: =SUM(N28:N41) -> 10236312
L44: Total Demand & Customer | N44: =N28+N29+N33+N35+N39+N41+N38+N36 -> 5398882.7
L46: Rounding Adjustment | O46: 3e-06

Sheet I33
C3: Idaho Power Company
C4: State of Idaho
C5: Calculation of Proposed Rates
C6: Filed May 30, 2025
C7: IPC-E-25-16
C9: Brisbie, LLC.
C10: Schedule 33
C12: Column | D12: (A) | E12: (B) | F12: (C) | G12: (D) | H12: (E) | I12: (F)
E14: Test Year | F14: Current | G14: Test Year | H14: Proposed | I14: Proposed | L14: =+_xlfn.CONCAT(C9,", ",C10) -> Brisbie, LLC., Schedule 33
C15: Line | E15: Billing | F15: Base | G15: Base | H15: Effective | I15: Effective | L15: In Adjusted Base Revenue | O15: =I44 -> 3914680
C16: No. | D16: Description | E16: Units | F16: Rate | G16: Revenue | H16: Rate | I16: Revenue | L16: Target Adjusted Base Revenue | O16: =(G44)*(1+O20) -> 3917080
C17: -1 | D17: Block 1 | L17: D | O17: =+O15-O16 -> -2400
C18: =+C17-1 -> -2 | D18: Service Charge | E18: 12 | F18: 415 | G18: =+F18*$E18 -> 4980 | H18: 490 | I18: =+H18*$E18 -> 5880
C19: =+C18-1 -> -3 | D19: Basic Charge | L19: Adjusted Base Revenue Change | O19: =+IFERROR((O15/((G44))-1),0) -> 0.27589646
C20: =+C19-1 -> -4 | D20: Total Basic Charge | E20: 240000 | F20: 1.87 | G20: =+F20*$E20 -> 448800 | H20: 1.72 | I20: =+H20*$E20 -> 412800 | L20: Target Adjusted Base Revenue | O20: 0.27667868
C21: =+C20-1 -> -5 | D21: Demand Charges
C22: =+C21-1 -> -6 | D22: Summer (Jun-Sep) | E22: 80000 | F22: 10.2 | G22: =+F22*$E22 -> 816000 | H22: 14.18 | I22: =+H22*$E22 -> 1134400 | L22: Contract Demand Charge | O22: 3.12
C23: =+C22-1 -> -7 | D23: Non-Summer (Oct-May) | E23: 160000 | F23: 8.78 | G23: =+F23*$E23 -> 1404800 | H23: 12.42 | I23: =+H23*$E23 -> 1987200
C24: =+C23-1 -> -8 | D24: Total Demand | E24: =+SUM(E22:E23) -> 240000 | G24: =+SUM(G22:G23) -> 2220800 | I24: =+SUM(I22:I23) -> 3121600 | L24: Revenue Requirement | O24: =O16 -> 3917080
C25: =+C24-1 -> -9 | D25: On-Peak Summer Demand (Jun-Sep) | E25: 0 | F25: 1.59 | G25: =+F25*$E25 -> 0 | H25: 2.07 | I25: =+H25*$E25 -> 0 | L25: Proposed Block 1 | O25: =-I37 -> -3540280
C26: =+C25-1 -> -10 | D26: Summer Energy (Jun-Sep) | L26: Remaining Cost for Block 2 capacity | O26: =SUM(O24:O25) -> 376800
C27: =+C26-1 -> -11 | D27: On-Peak | E27: 0 | F27: 0.052142 | G27: =+F27*$E27 -> 0 | H27: =I19T!H27 -> 0.067062 | I27: =+H27*$E27 -> 0 | L27: Contract Demand Recovery | O27: =-I39 -> -374400
C28: =+C27-1 -> -12 | D28: Mid-Peak | E28: 0 | F28: 0.052142 | G28: =+F28*$E28 -> 0 | H28: =I19T!H28 -> 0.055665 | I28: =+H28*$E28 -> 0 | L28: Remaining Cost to collect via demand | O28: =SUM(O26:O27) -> 2400
C29: =+C28-1 -> -13 | D29: Off-Peak | E29: 0 | F29: 0.046451 | G29: =+F29*$E29 -> 0 | H29: =I19T!H29 -> 0.043865 | I29: =+H29*$E29 -> 0
C30: =+C29-1 -> -14 | D30: Subtotal - Summer Energy | E30: =+SUM(E27:E29) -> 0 | G30: =+SUM(G27:G29) -> 0 | I30: =+SUM(I27:I29) -> 0 | L30: Check vs Revenue Forecast | O30: 0
C31: =+C30-1 -> -15 | D31: Non-Summer Energy (Oct-May)
C32: =+C31-1 -> -16 | D32: On-Peak | E32: 0 | F32: 0.046927 | G32: =+F32*$E32 -> 0 | H32: =I19T!H32 -> 0.053955 | I32: =+H32*$E32 -> 0
C33: =+C32-1 -> -17 | D33: Mid-Peak | E33: 0 | F33: 0.044504 | G33: =+F33*$E33 -> 0 | H33: =I19T!H33 -> 0.049099 | I33: =+H33*$E33 -> 0
C34: =+C33-1 -> -18 | D34: Off-Peak | E34: 0 | F34: 0.042561 | G34: =+F34*$E34 -> 0 | H34: =I19T!H34 -> 0.045641 | I34: =+H34*$E34 -> 0
C35: =+C34-1 -> -19 | D35: Subtotal - Non-Summer Energy | E35: =+SUM(E32:E34) -> 0 | G35: =+SUM(G32:G34) -> 0 | I35: =+SUM(I32:I34) -> 0
C36: =+C35-1 -> -20 | D36: Subtotal - Total Energy | E36: =+SUM(E35,E30) -> 0 | G36: =+SUM(G35,G30) -> 0 | I36: =+SUM(I35,I30) -> 0
C37: =+C36-1 -> -21 | D37: Subtotal - Block 1 | G37: =+SUM(G36,G25,G24,G20,G18) -> 2674580 | I37: =+SUM(I36,I25,I24,I20,I18) -> 3540280
C38: =+C37-1 -> -22 | D38: Block 2
C39: =+C38-1 -> -23 | D39: Contract Demand | E39: 120000 | F39: 3.28 | G39: =+F39*$E39 -> 393600 | H39: =O22 -> 3.12 | I39: =+H39*$E39 -> 374400
C40: =+C39-1 -> -24 | D40: Billing Demand | E40: 0 | F40: 22.29 | G40: =+F40*$E40 -> 0 | H40: =F40 -> 22.29 | I40: =+H40*$E40 -> 0
C41: =+C40-1 -> -25 | D41: Excess Demand | E41: 0 | F41: 1.293 | G41: =+F41*$E41 -> 0 | H41: 1.248 | I41: =+H41*$E41 -> 0
C42: =+C41-1 -> -26 | D42: Subtotal - Block 2 | G42: =+SUM(G39:G41) -> 393600 | I42: =+SUM(I39:I41) -> 374400
C43: =+C42-1 -> -27 | D43: Transfer Adjustment Revenue | G43: 0 | I43: 0
C44: =+C43-1 -> -28 | D44: Total Adjusted Base Revenue | G44: =G37+G42+G43 -> 3068180 | I44: =I37+I42+I43 -> 3914680
C46: § END | D46: § | E46: § | F46: § | G46: § | H46: § | I46: END §

Sheet I34
C3: Idaho Power Company
C4: State of Idaho
C5: Calculation of Proposed Rates
C6: Filed May 30, 2025
C7: IPC-E-25-16
C9: Lamb Weston, Inc.
C10: Schedule 34
C12: Column | D12: (A) | E12: (B) | F12: (C) | G12: (D) | H12: (E) | I12: (F)
E14: Test Year | F14: Current | G14: Test Year | H14: Proposed | I14: Proposed | L14: =+_xlfn.CONCAT(C9,", ",C10) -> Lamb Weston, Inc., Schedule 34
C15: Line | E15: Billing | F15: Base | G15: Base | H15: Effective | I15: Effective | L15: In Adjusted Base Revenue | O15: =I44 -> 10652525
C16: No. | D16: Description | E16: Units | F16: Rate | G16: Revenue | H16: Rate | I16: Revenue | L16: Target Adjusted Base Revenue | O16: 10652668
C17: -1 | D17: Block 1 | L17: D | O17: =+O15-O16 -> -143.00389
C18: =+C17-1 -> -2 | D18: Service Charge | E18: 12 | F18: 415 | G18: =+F18*$E18 -> 4980 | H18: 490 | I18: =+H18*$E18 -> 5880
C19: =+C18-1 -> -3 | D19: Basic Charge | L19: Check vs Revenue Forecast | O19: 0
C20: =+C19-1 -> -4 | D20: Total Basic Charge | E20: 240000 | F20: 2.21 | G20: =+F20*$E20 -> 530400 | H20: 2.6 | I20: =+H20*$E20 -> 624000
C21: =+C20-1 -> -5 | D21: Demand Charges | L21: Adjusted Base Revenue Change | O21: =+IFERROR((O15/(G44)-1),0) -> 0.039260745
C22: =+C21-1 -> -6 | D22: Summer (Jun-Sep) | E22: 80000 | F22: 10.04 | G22: =+F22*$E22 -> 803200 | H22: 13.09 | I22: =+H22*$E22 -> 1047200 | L22: Target Adjusted Base Revenue | O22: 0.039274696
C23: =+C22-1 -> -7 | D23: Non-Summer (Oct-May) | E23: 160000 | F23: 8.64 | G23: =+F23*$E23 -> 1382400 | H23: 11.93 | I23: =+H23*$E23 -> 1908800
C24: =+C23-1 -> -8 | D24: Total Demand | G24: =SUM(G22:G23) -> 2185600 | I24: =SUM(I22:I23) -> 2956000 | L24: Revenue Requirement | O24: =O16 -> 10652668
C25: =+C24-1 -> -9 | D25: On-Peak Summer Demand (Jun-Sep) | E25: 78960 | F25: 1.59 | G25: =+F25*$E25 -> 125546.4 | H25: 2.07 | I25: =+H25*$E25 -> 163447.2 | L25: Proposed 19P Revenue | O25: =-I37 -> -10216765
C26: =+C25-1 -> -10 | D26: Summer Energy (Jun-Sep) | L26: Remaining Cost for Block 2 capacity | O26: =SUM(O24:O25) -> 435903
C27: =+C26-1 -> -11 | D27: On-Peak | E27: 6161916.1 | F27: 0.052314 | G27: =+F27*$E27 -> 322354.48 | H27: 0.066358 | I27: =+H27*$E27 -> 408892.43 | L27: Contract Demand Recovery | O27: =-I39 -> -149760
C28: =+C27-1 -> -12 | D28: Mid-Peak | E28: 7907125.1 | F28: 0.052314 | G28: =+F28*$E28 -> 413653.34 | H28: 0.055115 | I28: =+H28*$E28 -> 435801.2 | L28: Remaining Cost to collect via demand | O28: =SUM(O26:O27) -> 286143
C29: =+C28-1 -> -13 | D29: Off-Peak | E29: 29384248 | F29: 0.046655 | G29: =+F29*$E29 -> 1370922.1 | H29: 0.043474 | I29: =+H29*$E29 -> 1277450.8
C30: =+C29-1 -> -14 | D30: Subtotal - Summer Energy | E30: =SUM(E27:E29) -> 43453289 | G30: =SUM(G27:G29) -> 2106929.9 | I30: =SUM(I27:I29) -> 2122144.4 | L30: Contract Demand Charge | O30: 3.12
C31: =+C30-1 -> -15 | D31: Non-Summer Energy (Oct-May)
C32: =+C31-1 -> -16 | D32: On-Peak | E32: 6268.6306 | F32: 0.047227 | G32: =+F32*$E32 -> 296.04862 | H32: 0.053897 | I32: =+H32*$E32 -> 337.86039 | L32: Rounding Adjustment | O32: 0
C33: =+C32-1 -> -17 | D33: Mid-Peak | E33: 88577191 | F33: 0.044805 | G33: =+F33*$E33 -> 3968701 | H33: 0.049044 | I33: =+H33*$E33 -> 4344179.7
C34: =+C33-1 -> -18 | D34: Off-Peak | E34: 17020.517 | F34: 0.042863 | G34: =+F34*$E34 -> 729.55043 | H34: 0.045589 | I34: =+H34*$E34 -> 775.94836
C35: =+C34-1 -> -19 | D35: Subtotal - Non-Summer Energy | E35: =SUM(E32:E34) -> 88600480 | G35: =SUM(G32:G34) -> 3969726.6 | I35: =SUM(I32:I34) -> 4345293.6
C36: =+C35-1 -> -20 | D36: Subtotal - Total Energy | E36: =E35+E30 -> 1.3205377e+08 | G36: =G35+G30 -> 6076656.5 | I36: =I35+I30 -> 6467438
C37: =+C36-1 -> -21 | D37: Subtotal - Block 1 | G37: =G18+G20+G24+G25+G30+G35 -> 8923182.9 | I37: =I18+I20+I24+I25+I30+I35 -> 10216765
C38: =+C37-1 -> -22 | D38: Block 2
C39: =+C38-1 -> -23 | D39: Contract Demand | E39: 48000 | F39: 3.3 | G39: =+F39*$E39 -> 158400 | H39: =O30 -> 3.12 | I39: =+H39*$E39 -> 149760
C40: =+C39-1 -> -24 | D40: Billing Demand | E40: 31777.778 | F40: 24.19 | G40: =+F40*$E40 -> 768704.44 | H40: 9 | I40: =+H40*$E40 -> 286000
C41: =+C40-1 -> -25 | D41: Excess Demand | F41: 1.293 | G41: =+F41*$E41 -> 0 | H41: 1.248 | I41: =+H41*$E41 -> 0
C42: =+C41-1 -> -26 | D42: Subtotal - Block 2 | G42: =SUM(G39:G41) -> 927104.44 | I42: =SUM(I39:I40) -> 435760
C43: =+C42-1 -> -27 | D43: Transfer Adjustment Revenue | G43: 399811.28 | I43: 0
C44: =+C43-1 -> -28 | D44: Total Adjusted Base Revenue | G44: =G37+G42+G43 -> 10250099 | I44: =I37+I42+I43 -> 10652525
C46: § END | D46: § | E46: § | F46: § | G46: § | H46: § | I46: END §
